Workbook
Name __SM1: #REF!
Name __SM1: #REF!
Name __SM1: #REF!
Name __SM1: #REF!
Name __SM1: #REF!
Name __SM1: #REF!
Name __SM1: #REF!
Name __SM1: #REF!
Name __SM1: #REF!
Name __SM10: #REF!
Name __SM10: #REF!
Name __SM10: #REF!
Name __SM10: #REF!
Name __SM10: #REF!
Name __SM10: #REF!
Name __SM10: #REF!
Name __SM10: #REF!
Name __SM11: #REF!
Name __SM11: #REF!
Name __SM11: #REF!
Name __SM11: #REF!
Name __SM11: #REF!
Name __SM11: #REF!
Name __SM11: #REF!
Name __SM11: #REF!
Name __SM12: #REF!
Name __SM12: #REF!
Name __SM12: #REF!
Name __SM12: #REF!
Name __sm13: #REF!
Name __sm13: #REF!
Name __sm13: #REF!
Name __sm13: #REF!
Name __SM2: #REF!
Name __SM2: #REF!
Name __SM2: #REF!
Name __SM2: #REF!
Name __SM3: #REF!
Name __SM3: #REF!
Name __SM3: #REF!
Name __SM3: #REF!
Name __SM4: #REF!
Name __SM4: #REF!
Name __SM4: #REF!
Name __SM4: #REF!
Name __SM5: #REF!
Name __SM5: #REF!
Name __SM5: #REF!
Name __SM5: #REF!
Name __SM6: #REF!
Name __SM6: #REF!
Name __SM6: #REF!
Name __SM6: #REF!
Name __SM7: #REF!
Name __SM7: #REF!
Name __SM7: #REF!
Name __SM7: #REF!
Name __SM8: #REF!
Name __SM8: #REF!
Name __SM8: #REF!

Sheet 074-19-CAPA
A1: VER COMENTÁRIOS NAS CÉLULAS ANTES DE PREENCHER. FAVOR MANTER TODOS OS COMENTÁRIOS DAS CÉLULAS PARA FACILITAR A CONFERÊNCIA DO ARQUIVO Sempre consultar a Cooordenação de arquivos da DITEC para quaisquer dúvidas.
B8: GOVERNO DO DISTRITO FEDERAL
B9: SECRETARIA DE ESTADO DE INFRAESTRUTURA E SERVIÇOS PÚBLICOS
B10: COMPANHIA URBANIZADORA DA NOVA CAPITAL DO BRASIL
B11: CAPA DA PLANILHA ESTIMATIVA
B14: Nº ESTIMATIVA: | C14: 074/2019-SEORÇA-SDS-R02
B15: TÍTULO: | C15: REFORMA DA CRECHE NÚCLEO RURAL JARDIM II
B16: Nº PROJETO: | C16: PROJ-DE 125-18
B17: NOME PROJETO: | C17: REFORMA DA CRECHE NÚCLEO RURAL JARDIM II
B18: ENDEREÇO: | C18: NÚCLEO RURAL JARDIM, DF 285, PARANOÁ, DF
B19: PRAZO: | C19: 90 DIAS CORRIDOS
B20: DATA: | C20: 44386
B21: ORÇAMENTISTA(S): | C21: Eng° ÉDNUM ALMEIDA RIBEIRO - Lev. Quantitativos e Orçamento Instalação Elétrica, Hidrossanitária, Sistema de Prevenção e Combate a Incêndio, Estrutura Concreto Armado e Aço. Arq. JANINE ALVES COSTA - Lev. Quantitativos e Oçamento Arquitetura
B22: DOCUMENTO SEI: | C22: 54609777
B23: PROCESSO: | C23: SEI_00072-00001105/2019-97
B24: TABELA REFERÊNCIA: | C24: SINAPI - MAIO 2021 SEM DESONERAÇÃO
B25: SISOBRAS: | C25: Área Construída: 257,64 m²
B26: OBSERVAÇÕES: | C26: 1-Esta estimativa foi elaborada conforme a Proposta Padrão e as suas Especificações e os mesmos devem ser seguidos na execução dos serviços. 2-O levantamento foi realizado com base nos projetos fornecidos. Qualquer serviço levantado que seja entendido como desnecessário pela fiscalização deverá ser glosado. Os levantamentos foram feitos de forma mais completa possível de forma a atender a situação mais crítica encontrada de forma a minimizar aditivos financeiros. 3-A CONTRATADA deverá executar a sondagem, Levantamento planialtimétrico cadastral do lote e Projetos executivos de Implantação. 4-Após definição do lote deve ser cálculada a distância para o bota fora e os serviços de transportes, (93593), devem ser ajustados conforme o novo local. 5-Após execução dos Projetos executivos da implantação adequada para cada local destinado. Os quantitativos do orçamento devem ser ajustados para aquela localidade.
B27: BDI UTILIZADOS: | C27: 20,94% (obra)
B28: RESP. CAPA: | C28: Eng° ÉDNUM ALMEIDA RIBEIRO - CREA 22.359/D-PE Arq. JANINE ALVES COSTA - CAU A53120-0
B30: ESTIMATIVAS DIRETORIA DE EDIFICAÇÕES:
B31: 093.01/2019-SEORÇA: Estimativa Fonte ......................................................................................................... | D31: 441122.17
B32: VALOR ESTIMADO TOTAL COM BDI ............................................................................................................. | D32: 441122.17
B34: NOTAS: | C34: *Esta planilha é orientativa. Desta forma, é de inteira responsabilidade do contratado as quantidades e valores necessários a completa execução da obra. *Havendo irregularidades neste instrumento, entre em contato com a Ouvidoria de Combate a Corrupção, no telefone 0800-6449060
B37: ENG. ÉDNUM ALMEIDA RIBEIRO CREA 22.359/D-PE ART: 0720190083904 MAT: 973.457-0 | D37: Arq.JANINE ALVES COSTA CAU: A53120-0 RRT: 0000009032523 MAT: 973073-7
B39: OBRA S/BDI | C39: =SUM(D31:D31) -> 441122.17
B42: Preço/m² com BDI | C42: =D32/257.64 -> 1712.1649

Sheet 074.01-19-Edificação
B2: GOVERNO DO DISTRITO FEDERAL
B3: SECRETARIA DE ESTADO DE INFRAESTRUTURA E SERVIÇOS PÚBLICOS
B4: COMPANHIA URBANIZADORA DA NOVA CAPITAL DO BRASIL
B5: PLANILHA ESTIMATIVA
B6: Nº ESTIMATIVA PARCIAL: | D6: ='074-19-CCU''s'!C6 -> 074/2019-SEORÇA-SDS-R02 | I6: DATA: | J6: ='074-19-CAPA'!C20 -> 44386
B7: NOME ESTIMATIVA PARCIAL: | D7: REFORMA DA CRECHE NÚCLEO RURAL JARDIM II | I7: Nº PROJETO: | J7: PROJ-DE 125-18
B8: ENDEREÇO: | C8: EQNP 16/20 AE, Lotes E,F e G - CEILÂNDIA - DF | D8: NÚCLEO RURAL JARDIM, DF 285, PARANOÁ, DF | I8: ÁREA: | J8: 257,64 m²
B9: ENCARGOS TRABALHISTAS: | D9: horista=113,69% / mensalista=73,06% | E9: B.D.I. : | F9: 20,94% | I9: TAB. REF.: | J9: SINAPI MAI 2021
B11: ITEM | C11: CÓDIGO | D11: DESCRIÇÃO | E11: UNID. | F11: QUANT. | G11: CUSTO UNITÁRIO (R$) | H11: BDI | I11: PREÇO UNITÁRIO (R$) C/ BDI | J11: PREÇO TOTAL (R$) C/ BDI
B12: 01.00.000 | D12: SERVIÇOS TÉCNICOS-PROFISSIONAIS | L12: =I12*F12 -> 0
B13: 01.08.000 | D13: DESPESAS LEGAIS | L13: =I13*F13 -> 0
B14: 01.08.100 | D14: TAXAS | L14: =I14*F14 -> 0
B15: 01.08.100.1 | C15: CREA - DF | D15: ART da obra | E15: UN | F15: 1 | G15: 240.82 | H15: 20,94% | I15: 291.24771 | J15: 291.24771 | L15: =I15*F15 -> 291.24771 | R15: =I15*F15 -> 291.24771
R16: =I16*F16 -> 0
E17: SUBTOTAL (Divisão): | J17: 291.24771 | R17: =I17*F17 -> 0
L18: =I18*F18 -> 0 | R18: =I18*F18 -> 0
B19: 02.00.000 | D19: SERVIÇOS PRELIMINARES | L19: =I19*F19 -> 0 | R19: =I19*F19 -> 0
B20: 02.01.100 | D20: CANTEIRO DE OBRAS | L20: =I20*F20 -> 0 | R20: =I20*F20 -> 0
A21: INSUMO | B21: 02.01.100.1 | C21: 10775 | D21: LOCACAO DE CONTAINER 2,30 X 6,00 M, ALT. 2,50 M, COM 1 SANITARIO, PARA ESCRITORIO, COMPLETO, SEM DIVISORIAS INTERNAS | E21: MES | F21: 3 | G21: 585,00 | H21: 20,94% | I21: 707.499 | J21: 2122.497 | L21: =I21*F21 -> 2122.497 | O21: ESCRITÓRIO | R21: =I21*F21 -> 2122.497
A22: INSUMO | B22: 02.01.100.2 | C22: 10779 | D22: LOCACAO DE CONTAINER 2,30 X 4,30 M, ALT. 2,50 M, P/ SANITARIO, C/ 5 BACIAS, 1 LAVATORIO E 4 MICTORIOS | E22: MES | F22: 3 | G22: 731,25 | H22: 20,94% | I22: 884.37375 | J22: 2653.1213 | L22: =I22*F22 -> 2653.1213 | O22: SANITÁRIOS | R22: =I22*F22 -> 2653.1213
A23: INSUMO | B23: 02.01.100.3 | C23: 10776 | D23: LOCACAO DE CONTAINER 2,30 X 6,00 M, ALT. 2,50 M, PARA ESCRITORIO, SEM DIVISORIAS INTERNAS E SEM SANITARIO | E23: MES | F23: 3 | G23: 457,03 | H23: 20,94% | I23: 552.73208 | J23: 1658.1962 | L23: =I23*F23 -> 1658.1962 | O23: ALMOXARIFE | R23: =I23*F23 -> 1658.1962
A24: SERVIÇO | B24: 02.01.100.4 | C24: 93210 | D24: EXECUÇÃO DE REFEITÓRIO EM CANTEIRO DE OBRA EM CHAPA DE MADEIRA COMPENSADA, NÃO INCLUSO MOBILIÁRIO E EQUIPAMENTOS. AF_02/2016 | E24: M2 | F24: 15.48 | G24: 518,84 | H24: 20,94% | I24: 627.4851 | J24: 9713.4693 | L24: =I24*F24 -> 9713.4693 | O24: REFEITÓRIO | R24: =I24*F24 -> 9713.4693
A25: COTAÇÃO | B25: 02.01.100.5 | C25: COTAÇÃO-014 | D25: MOBILIZAÇÃO E DESMOBILIZAÇÃO DE CONTAINER MARÍTIMO/CANTEIRO | E25: UN | F25: 3 | G25: 730 | H25: 20,94% | I25: 882.862 | J25: 2648.586 | L25: =I25*F25 -> 2648.586 | R25: =I25*F25 -> 2648.586
L26: =I26*F26 -> 0 | R26: =I26*F26 -> 0
L27: =I27*F27 -> 0 | R27: =I27*F27 -> 0
B28: 02.01.200 | D28: LIGAÇÕES PROVISÓRIAS | L28: =I28*F28 -> 0 | R28: =I28*F28 -> 0
A29: CCU | B29: 02.01.200.1 | C29: CCU - 02.001 | D29: LIGAÇÃO PROVISÓRIA DE ÁGUA PARA OBRA E INSTALAÇÃO SANITÁRIA PROVISÓRIA - INSTALAÇÃO MÍNIMA | E29: UN | F29: 1 | G29: 2252.9132 | H29: 20,94% | I29: 2724.6732 | J29: 2724.6732 | L29: =I29*F29 -> 2724.6732 | R29: =I29*F29 -> 2724.6732
A30: SERVIÇO | B30: 02.01.200.2 | C30: 93214 | D30: EXECUÇÃO DE RESERVATÓRIO ELEVADO DE ÁGUA (1000 LITROS) EM CANTEIRO DE OBRA, APOIADO EM ESTRUTURA DE MADEIRA. AF_02/2016 | E30: UN | F30: 1 | G30: 4.794,11 | H30: 20,94% | I30: 5797.9966 | J30: 5797.9966 | L30: =I30*F30 -> 5797.9966 | R30: =I30*F30 -> 5797.9966
A31: INSUMO | B31: 02.01.200.3 | C31: 39362 | D31: FOSSA SEPTICA, SEM FILTRO, PARA 8 A 14 CONTRIBUINTES, CILINDRICA, COM TAMPA, EM POLIETILENO DE ALTA DENSIDADE (PEAD), CAPACIDADE APROXIMADA DE 3000 LITROS (NBR 7229) | E31: UN | F31: 1 | G31: 3.638,57 | H31: 20,94% | I31: 4400.4866 | J31: 4400.4866 | L31: =I31*F31 -> 4400.4866 | R31: =I31*F31 -> 4400.4866
A32: SERVIÇO | B32: 02.01.200.4 | C32: 101529 | D32: ENTRADA DE ENERGIA ELÉTRICA, SUBTERRÂNEA, TRIFÁSICA, COM CAIXA DE SOBREPOR, CABO DE 10 MM2 E DISJUNTOR DIN 50A (NÃO INCLUSA MURETA DE ALVENARIA). AF_07/2020_P | E32: UN | F32: 1 | G32: 1.104,46 | H32: 20,94% | I32: 1335.7339 | J32: 1335.7339 | L32: =I32*F32 -> 1335.7339 | M32: antes-41598(jul 2019)-R$1.521,75 | R32: =I32*F32 -> 1335.7339
B33: 02.01.200.5 | C33: Tabela de consumo | D33: CONSUMO DE INTERNET, TELEFONE, ÁGUA, ESGOTO E ENERGIA | E33: MÊS | F33: 3 | G33: 1679.5517 | H33: 20,94% | I33: 2031.2498 | J33: 6093.7494 | L33: =I33*F33 -> 6093.7494 | R33: =I33*F33 -> 6093.7494
L34: =I34*F34 -> 0 | R34: =I34*F34 -> 0
B35: 02.01.400 | D35: PROTEÇÃO E SINALIZAÇÃO | L35: =I35*F35 -> 0 | R35: =I35*F35 -> 0
B36: 02.01.401 | D36: TAPUMES | L36: =I36*F36 -> 0 | R36: =I36*F36 -> 0
A37: SERVIÇO | B37: 02.01.401.1 | C37: 98459 | D37: TAPUME COM TELHA METÁLICA. AF_05/2018 | E37: M2 | F37: 155.804 | G37: 106,71 | H37: 20,94% | I37: 129.05507 | J37: 20107.297 | L37: =I37*F37 -> 20107.297 | R37: =I37*F37 -> 20107.297
L38: =I38*F38 -> 0 | R38: =I38*F38 -> 0
B39: 02.02.000 | D39: DEMOLIÇÃO | L39: =I39*F39 -> 0 | R39: =I39*F39 -> 0
A40: SERVIÇO | B40: 02.02.100 | C40: 97622 | D40: DEMOLIÇÃO DE ALVENARIA DE BLOCO FURADO, DE FORMA MANUAL, SEM REAPROVEITAMENTO. AF_12/2017 | E40: M3 | F40: 4.76 | G40: 46,30 | H40: 20,94% | I40: 55.99522 | J40: 266.53725 | L40: =I40*F40 -> 266.53725 | R40: =I40*F40 -> 266.53725
A41: CCU | B41: 02.02.101 | C41: CCU - 02.003 | D41: DEMOLIÇÃO MANUAL DE CONSTRUÇÕES PROVISÓRIAS DE MADEIRA - SEM REAPROVEITAMENTO | E41: M2 | F41: 15.48 | G41: 11.79 | H41: 20,94% | I41: 14.258826 | J41: 220.72663 | L41: =I41*F41 -> 220.72663 | M41: Ajuste Gabriel | R41: =I41*F41 -> 220.72663
L42: =I42*F42 -> 0 | R42: =I42*F42 -> 0
B43: 02.02.300 | D43: REMOÇÃO | L43: =I43*F43 -> 0 | R43: =I43*F43 -> 0
A44: SERVIÇO | B44: 02.02.300.1 | C44: 97644 | D44: REMOÇÃO DE PORTAS, DE FORMA MANUAL, SEM REAPROVEITAMENTO. AF_12/2017 | E44: M2 | F44: 0.69 | G44: 7,68 | H44: 20,94% | I44: 9.288192 | J44: 6.4088525 | L44: =I44*F44 -> 6.4088525 | R44: =I44*F44 -> 6.4088525
A45: SERVIÇO | B45: 02.02.300.2 | C45: 97640 | D45: REMOÇÃO DE FORROS DE DRYWALL, PVC E FIBROMINERAL, DE FORMA MANUAL, SEM REAPROVEITAMENTO. AF_12/2017 | E45: M2 | F45: 173.35 | G45: 1,35 | H45: 20,94% | I45: 1.63269 | J45: 283.02681 | L45: =I45*F45 -> 283.02681 | R45: =I45*F45 -> 283.02681
A46: SERVIÇO | B46: 02.02.300.3 | C46: 97637 | D46: REMOÇÃO DE TAPUME/ CHAPAS METÁLICAS E DE MADEIRA, DE FORMA MANUAL, SEM REAPROVEITAMENTO. AF_12/2017 | E46: M2 | F46: 155.804 | G46: 2,15 | H46: 20,94% | I46: 2.60021 | J46: 405.12312 | L46: =I46*F46 -> 405.12312 | M46: Ajuste Gabriel
A47: CCU | B47: 02.02.300.4 | C47: CCU - 02.004 | D47: REMOÇÃO DE PLACA DE SINALIZAÇÃO | E47: M2 | F47: 14.4 | G47: 18.3 | H47: 20,94% | I47: 22.13202 | J47: 318.70109 | L47: =I47*F47 -> 318.70109 | M47: Ajuste Gabriel
A48: CCU | B48: 02.02.300.5 | C48: CCU - 02.005 | D48: RETIRADA DE RESERVATÓRIO DE POLIETILENO DE 1000L E DESMONTAGEM DE ESTRUTURA - REFERÊNCIA | E48: UN | F48: 1 | G48: 233.75 | H48: 20,94% | I48: 282.69725 | J48: 282.69725 | L48: =I48*F48 -> 282.69725 | M48: Ajuste Gabriel
A49: CCU | B49: 02.02.300.6 | C49: CCU - 02.006 | D49: RETIRADA DE FOSSA DE 3.000L | E49: UN | F49: 1 | G49: 1364.34 | H49: 20,94% | I49: 1650.0328 | J49: 1650.0328 | L49: =I49*F49 -> 1650.0328 | M49: Ajuste Gabriel
R50: =I50*F50 -> 0
B51: 02.02.404 | D51: PLACAS | L51: =I51*F51 -> 0 | R51: =I51*F51 -> 0
A52: CCU | B52: 02.01.404.1 | C52: CCU - 02.002 | D52: PLACA DE OBRA EM CHAPA DE ACO GALVANIZADO | E52: M² | F52: 14.4 | G52: 319.2345 | H52: 20,94% | I52: 386.0822 | J52: 5559.5837 | L52: =I52*F52 -> 5559.5837 | M52: antes-74209/1(jul 2019)-R$341,30/m² | R52: =I52*F52 -> 5559.5837
R53: =I53*F53 -> 0
B54: 02.03.000 | D54: LOCAÇÃO DE OBRAS | R54: =I54*F54 -> 0
B55: 02.03.100 | D55: DE EDIFICAÇÕES | R55: =I55*F55 -> 0
A56: SERVIÇO | B56: 02.03.100.1 | C56: 99058 | D56: LOCAÇÃO DE PONTO PARA REFERÊNCIA TOPOGRÁFICA. AF_10/2018 | E56: UN | F56: 6 | G56: 6,51 | H56: 20,94% | I56: 7.873194 | J56: 47.239164 | R56: =I56*F56 -> 47.239164
R57: =I57*F57 -> 0
E58: SUBTOTAL (Divisão): | J58: 68295.883 | R58: =I58*F58 -> 0
R59: =I59*F59 -> 0
B60: 03.00.000 | D60: FUNDAÇÕES E ESTRUTURAS | L60: =I60*F60 -> 0 | R60: =I60*F60 -> 0
B61: 03.01.000 | D61: FUNDAÇÕES | R61: =I61*F61 -> 0
B62: 03.01.101 | D62: ESCAVAÇÃO DE VALAS | R62: =I62*F62 -> 0
A63: SERVIÇO | B63: 03.01.101.1 | C63: 96527 | D63: ESCAVAÇÃO MANUAL DE VALA PARA VIGA BALDRAME, COM PREVISÃO DE FÔRMA. AF_06/2017 | E63: M3 | F63: 2.25 | G63: 107,74 | H63: 20,94% | I63: 130.30076 | J63: 293.1767 | L63: =I63*F63 -> 293.1767 | N63: BLOCOS, BALDRAMES E LAJES | R63: =I63*F63 -> 293.1767
A64: SERVIÇO | B64: 03.01.101.2 | C64: 96523 | D64: ESCAVAÇÃO MANUAL PARA BLOCO DE COROAMENTO OU SAPATA, COM PREVISÃO DE FÔRMA. AF_06/2017 | E64: M3 | F64: 3.68 | G64: 82,17 | H64: 20,94% | I64: 99.376398 | J64: 365.70514 | L64: =I64*F64 -> 365.70514 | R64: =I64*F64 -> 365.70514
A65: SERVIÇO | B65: 03.01.101.3 | C65: 101616 | D65: PREPARO DE FUNDO DE VALA COM LARGURA MENOR QUE 1,5 M (ACERTO DO SOLO NATURAL). AF_08/2020 | E65: M2 | F65: 11.72 | G65: 5,27 | H65: 20,94% | I65: 6.373538 | J65: 74.697865 | L65: =I65*F65 -> 74.697865 | M65: antes-94097(jul 2019)-R$4,80/m² | R65: =I65*F65 -> 74.697865
A66: SERVIÇO | B66: 03.01.101.4 | C66: 93382 | D66: REATERRO MANUAL DE VALAS COM COMPACTAÇÃO MECANIZADA. AF_04/2016 | E66: M3 | F66: 3.45 | G66: 25,12 | H66: 20,94% | I66: 30.380128 | J66: 104.81144 | L66: =I66*F66 -> 104.81144 | R66: =I66*F66 -> 104.81144
R67: =I67*F67 -> 0
B68: 03.01.102 | D68: ESCAVAÇÃO DE VALAS - FOSSAS | R68: =I68*F68 -> 0
A69: SERVIÇO | B69: 03.01.102.1 | C69: 96523 | D69: ESCAVAÇÃO MANUAL PARA BLOCO DE COROAMENTO OU SAPATA, COM PREVISÃO DE FÔRMA. AF_06/2017 | E69: M3 | F69: 5.44 | G69: 82,17 | H69: 20,94% | I69: 99.376398 | J69: 540.60761 | L69: =I69*F69 -> 540.60761 | N69: FOSSA | R69: =I69*F69 -> 540.60761
A70: SERVIÇO | B70: 03.01.102.2 | C70: 101616 | D70: PREPARO DE FUNDO DE VALA COM LARGURA MENOR QUE 1,5 M (ACERTO DO SOLO NATURAL). AF_08/2020 | E70: M2 | F70: 0.336 | G70: 5,27 | H70: 20,94% | I70: 6.373538 | J70: 2.1415088 | L70: =I70*F70 -> 2.1415088 | M70: antes-94097(jul 2019)-R$4,80/m² | N70: FOSSA | R70: =I70*F70 -> 2.1415088
A71: SERVIÇO | B71: 03.01.102.3 | C71: 93382 | D71: REATERRO MANUAL DE VALAS COM COMPACTAÇÃO MECANIZADA. AF_04/2016 | E71: M3 | F71: 3.56 | G71: 25,12 | H71: 20,94% | I71: 30.380128 | J71: 108.15326 | L71: =I71*F71 -> 108.15326 | N71: FOSSA | R71: =I71*F71 -> 108.15326
R72: =I72*F72 -> 0
B73: 03.01.400 | D73: FUNDAÇÕES PROFUNDAS | R73: =I73*F73 -> 0
B74: 03.01.411 | D74: DE CONCRETO ARMADO | R74: =I74*F74 -> 0
A75: CCU | B75: 03.01.411.1 | C75: CCU - 03.001 | D75: ESTACA BROCA DE CONCRETO, DIÃMETRO DE 25 CM, ESCAVAÇÃO MANUAL COM TRADO CONCHA, NÃO ARMADA. AF_03/2018 | E75: M | F75: 28 | G75: 85.72804 | H75: 20,94% | I75: 103.67949 | J75: 2903.0258 | L75: =I75*F75 -> 2903.0258 | R75: =I75*F75 -> 2903.0258
A76: SERVIÇO | B76: 03.01.411.2 | C76: 95583 | D76: MONTAGEM DE ARMADURA TRANSVERSAL DE ESTACAS DE SEÇÃO CIRCULAR, DIÂMETRO = 5,0 MM. AF_11/2016 | E76: KG | F76: 11 | G76: 17,40 | H76: 20,94% | I76: 21.04356 | J76: 231.47916 | L76: =I76*F76 -> 231.47916 | R76: =I76*F76 -> 231.47916
A77: SERVIÇO | B77: 03.01.411.3 | C77: 95577 | D77: MONTAGEM DE ARMADURA LONGITUDINAL DE ESTACAS DE SEÇÃO CIRCULAR, DIÂMETRO = 10,0 MM. AF_11/2016 | E77: KG | F77: 45 | G77: 13,23 | H77: 20,94% | I77: 16.000362 | J77: 720.01629 | L77: =I77*F77 -> 720.01629 | R77: =I77*F77 -> 720.01629
R78: =I78*F78 -> 0
B79: 03.01.430 | D79: PREPARO DE CABEÇA DE ESTACAS | R79: =I79*F79 -> 0
A80: SERVIÇO | B80: 03.01.430.1 | C80: 95601 | D80: ARRASAMENTO MECANICO DE ESTACA DE CONCRETO ARMADO, DIAMETROS DE ATÉ 40 CM. AF_05/2021 | E80: UN | F80: 6 | G80: 13,78 | H80: 20,94% | I80: 16.665532 | J80: 99.993192 | L80: =I80*F80 -> 99.993192 | R80: =I80*F80 -> 99.993192
R81: =I81*F81 -> 0
B82: 03.01.501 | D82: BLOCOS E VIGAS DE FUNDAÇÃO | R82: =I82*F82 -> 0
A83: SERVIÇO | B83: 03.01.501.1 | C83: 95241 | D83: LASTRO DE CONCRETO MAGRO, APLICADO EM PISOS, LAJES SOBRE SOLO OU RADIERS, ESPESSURA DE 5 CM. AF_07/2016 | E83: M2 | F83: 4.6 | G83: 25,98 | H83: 20,94% | I83: 31.420212 | J83: 144.53298 | L83: =I83*F83 -> 144.53298 | R83: =I83*F83 -> 144.53298
A84: SERVIÇO | B84: 03.01.501.2 | C84: 96540 | D84: FABRICAÇÃO, MONTAGEM E DESMONTAGEM DE FÔRMA PARA BLOCO DE COROAMENTO, EM CHAPA DE MADEIRA COMPENSADA RESINADA, E=17 MM, 4 UTILIZAÇÕES. AF_06/2017 | E84: M2 | F84: 8.16 | G84: 113,82 | H84: 20,94% | I84: 137.65391 | J84: 1123.2559 | L84: =I84*F84 -> 1123.2559 | R84: =I84*F84 -> 1123.2559
A85: SERVIÇO | B85: 03.01.501.3 | C85: 96542 | D85: FABRICAÇÃO, MONTAGEM E DESMONTAGEM DE FÔRMA PARA VIGA BALDRAME, EM CHAPA DE MADEIRA COMPENSADA RESINADA, E=17 MM, 4 UTILIZAÇÕES. AF_06/2017 | E85: M2 | F85: 9.17 | G85: 79,72 | H85: 20,94% | I85: 96.413368 | J85: 884.11058 | L85: =I85*F85 -> 884.11058 | R85: =I85*F85 -> 884.11058
A86: SERVIÇO | B86: 03.01.501.4 | C86: 96543 | D86: ARMAÇÃO DE BLOCO, VIGA BALDRAME E SAPATA UTILIZANDO AÇO CA-60 DE 5 MM - MONTAGEM. AF_06/2017 | E86: KG | F86: 13 | G86: 18,47 | H86: 20,94% | I86: 22.337618 | J86: 290.38903 | L86: =I86*F86 -> 290.38903 | R86: =I86*F86 -> 290.38903
A87: SERVIÇO | B87: 03.01.501.5 | C87: 96544 | D87: ARMAÇÃO DE BLOCO, VIGA BALDRAME OU SAPATA UTILIZANDO AÇO CA-50 DE 6,3 MM - MONTAGEM. AF_06/2017 | E87: KG | F87: 45 | G87: 17,21 | H87: 20,94% | I87: 20.813774 | J87: 936.61983 | L87: =I87*F87 -> 936.61983 | R87: =I87*F87 -> 936.61983
A88: SERVIÇO | B88: 03.01.501.6 | C88: 96545 | D88: ARMAÇÃO DE BLOCO, VIGA BALDRAME OU SAPATA UTILIZANDO AÇO CA-50 DE 8 MM - MONTAGEM. AF_06/2017 | E88: KG | F88: 58 | G88: 16,02 | H88: 20,94% | I88: 19.374588 | J88: 1123.7261 | L88: =I88*F88 -> 1123.7261 | R88: =I88*F88 -> 1123.7261
A89: SERVIÇO | B89: 03.01.501.7 | C89: 96546 | D89: ARMAÇÃO DE BLOCO, VIGA BALDRAME OU SAPATA UTILIZANDO AÇO CA-50 DE 10 MM - MONTAGEM. AF_06/2017 | E89: KG | F89: 23 | G89: 14,26 | H89: 20,94% | I89: 17.246044 | J89: 396.65901 | L89: =I89*F89 -> 396.65901 | R89: =I89*F89 -> 396.65901
A90: CCU | B90: 03.01.501.8 | C90: CCU - 03.002 | D90: CONCRETAGEM DE BLOCOS DE COROAMENTO E VIGAS BALDRAMES, FCK 25 MPA, COM USO DE BOMBA - LANÇAMENTO, ADENSAMENTO E ACABAMENTO | E90: M3 | F90: 2.87 | G90: 400.79196 | H90: 20,94% | I90: 484.7178 | J90: 1391.1401 | L90: =I90*F90 -> 1391.1401 | R90: =I90*F90 -> 1391.1401
R91: =I91*F91 -> 0
R92: =I92*F92 -> 0
B93: 03.01.600 | D93: IMPERMEABILIZAÇÃO | R93: =I93*F93 -> 0
B94: 03.01.602 | D94: FUNDAÇÕES | R94: =I94*F94 -> 0
A95: SERVIÇO | B95: 03.01.602.1 | C95: 98557 | D95: IMPERMEABILIZAÇÃO DE SUPERFÍCIE COM EMULSÃO ASFÁLTICA, 2 DEMÃOS AF_06/2018 | E95: M2 | F95: 24.95 | G95: 36,62 | H95: 20,94% | I95: 44.288228 | J95: 1104.9913 | L95: =I95*F95 -> 1104.9913 | M95: antes-74106/001(jul 2019)-R$9,88/m² | R95: =I95*F95 -> 1104.9913
R96: =I96*F96 -> 0
B97: 03.02.000 | D97: ESTRUTURAS DE CONCRETO | R97: =I97*F97 -> 0
B98: 03.02.100 | D98: CONCRETO ARMADO | R98: =I98*F98 -> 0
B99: 03.02.110 | D99: PILARES | R99: =I99*F99 -> 0
B100: 03.02.111 | D100: FORMA | R100: =I100*F100 -> 0
A101: SERVIÇO | B101: 03.02.111.1 | C101: 92415 | D101: MONTAGEM E DESMONTAGEM DE FÔRMA DE PILARES RETANGULARES E ESTRUTURAS SIMILARES, PÉ-DIREITO SIMPLES, EM CHAPA DE MADEIRA COMPENSADA RESINADA, 2 UTILIZAÇÕES. AF_09/2020 | E101: M2 | F101: 7.92 | G101: 111,10 | H101: 20,94% | I101: 134.36434 | J101: 1064.1656 | L101: =I101*F101 -> 1064.1656 | M101: antes-92414(jul 2019)-R$94,01/m² | R101: =I101*F101 -> 1064.1656
R102: =I102*F102 -> 0
...

Sheet 074-19-CCU's
B2: GOVERNO DO DISTRITO FEDERAL
B3: SECRETARIA DE ESTADO DE INFRAESTRUTURA E SERVIÇOS PÚBLICOS
B4: COMPANHIA URBANIZADORA DA NOVA CAPITAL DO BRASIL
B5: PLANILHA DE COMPOSIÇÕES
B6: Nº ESTIMATIVA PRINCIPAL: | C6: ='074-19-CAPA'!C14:D14 -> 074/2019-SEORÇA-SDS-R02 | G6: DATA: | H6: ='074-19-CAPA'!C20 -> 44386
B7: TÍTULO: | C7: ='074-19-CAPA'!C15:D15 -> REFORMA DA CRECHE NÚCLEO RURAL JARDIM II | G7: Nº PROJETO: | H7: ='074.01-19-Edificação'!J7 -> PROJ-DE 125-18
B8: ENCARGOS TRABALHISTAS: | C8: ='074.01-19-Edificação'!D9 -> horista=113,69% / mensalista=73,06% | D8: B.D.I. : | E8: 0,00% | G8: TAB. REF.: | H8: ='074.01-19-Edificação'!J9 -> SINAPI MAI 2021
B9: CÓDIGO | C9: DESCRIÇÃO | D9: TIPO | E9: UNID. | F9: COEFICIENTE | G9: CUSTO UNIT(R$) | H9: CUSTO TOTAL (R$)
B11: CCU - 02.001 | C11: LIGAÇÃO PROVISÓRIA DE ÁGUA PARA OBRA E INSTALAÇÃO SANITÁRIA PROVISÓRIA - INSTALAÇÃO MÍNIMA | D11: SER.CG | E11: UN | H11: 2252.9132
A12: SERVIÇO | B12: 88248 | C12: AUXILIAR DE ENCANADOR OU BOMBEIRO HIDRÁULICO COM ENCARGOS COMPLEMENTARES | D12: M.O | E12: H | F12: 4 | G12: 18,23 | H12: 72.92
A13: SERVIÇO | B13: 88267 | C13: ENCANADOR OU BOMBEIRO HIDRÁULICO COM ENCARGOS COMPLEMENTARES | D13: M.O | E13: H | F13: 8 | G13: 23,41 | H13: 187.28
A14: SERVIÇO | B14: 88309 | C14: PEDREIRO COM ENCARGOS COMPLEMENTARES | D14: M.O | E14: H | F14: 8 | G14: 23,90 | H14: 191.2
A15: SERVIÇO | B15: 88316 | C15: SERVENTE COM ENCARGOS COMPLEMENTARES | D15: M.O | E15: H | F15: 8.12 | G15: 17,61 | H15: 142.9932
A16: INSUMO | B16: 370 | C16: AREIA MEDIA - POSTO JAZIDA/FORNECEDOR (RETIRADO NA JAZIDA, SEM TRANSPORTE) | D16: MAT. | E16: M3 | F16: 0.02 | G16: 95,00 | H16: 1.9
A17: INSUMO | B17: 12774 | C17: HIDROMETRO UNIJATO / MEDIDOR DE AGUA, DN 3/4", VAZAO MAXIMA DE 5 M3/H, PARA AGUA POTAVEL FRIA, RELOJOARIA PLANA, CLASSE B, HORIZONTAL (SEM CONEXOES)0, | D17: MAT. | E17: UN | F17: 1 | G17: 113,57 | H17: 113.57
A18: INSUMO | B18: 7258 | C18: TIJOLO CERAMICO MACICO COMUM *5 X 10 X 20* CM (L X A X C) | D18: MAT. | E18: UN | F18: 30 | G18: 0,69 | H18: 20.7
A19: SERVIÇO | B19: 91795 | C19: (COMPOSIÇÃO REPRESENTATIVA) DO SERVIÇO DE INST. TUBO PVC, SÉRIE N, ESGOTO PREDIAL, 100 MM (INST. RAMAL DESCARGA, RAMAL DE ESG. SANIT., PRUMADA ESG. SANIT., VENTILAÇÃO OU SUB-COLETOR AÉREO), INCL. CONEXÕES E CORTES, FIXAÇÕES, P/ PRÉDIOS. AF_10/2015 | D19: SER.CG | E19: M | F19: 5 | G19: 64,53 | H19: 322.65
A20: SERVIÇO | B20: 91785 | C20: (COMPOSIÇÃO REPRESENTATIVA) DO SERVIÇO DE INSTALAÇÃO DE TUBOS DE PVC, SOLDÁVEL, ÁGUA FRIA, DN 25 MM (INSTALADO EM RAMAL, SUB-RAMAL, RAMAL DE DISTRIBUIÇÃO OU PRUMADA), INCLUSIVE CONEXÕES, CORTES E FIXAÇÕES, PARA PRÉDIOS. AF_10/2015 | D20: SER.CG | E20: M | F20: 30 | G20: 39,99 | H20: 1199.7
B21: Observação: | C21: REF: 02510.8.1.1 PINI PINI TCPO
B23: CCU - 02.002 | C23: PLACA DE OBRA EM CHAPA DE ACO GALVANIZADO | D23: SER.CG | E23: M² | H23: 319.2345
A24: SERVIÇO | B24: 88262 | C24: CARPINTEIRO DE FORMAS COM ENCARGOS COMPLEMENTARES | D24: M.O | E24: H | F24: 1 | G24: 23,68 | H24: 23.68
A25: SERVIÇO | B25: 88316 | C25: SERVENTE COM ENCARGOS COMPLEMENTARES | D25: M.O | E25: H | F25: 2 | G25: 17,61 | H25: 35.22
A26: SERVIÇO | B26: 94962 | C26: CONCRETO MAGRO PARA LASTRO, TRAÇO 1:4,5:4,5 (EM MASSA SECA DE CIMENTO/ AREIA MÉDIA/ BRITA 1) - PREPARO MECÂNICO COM BETONEIRA 400 L. AF_05/2021 | D26: SER.CG | E26: M3 | F26: 0.01 | G26: 324,97 | H26: 3.2497
A27: INSUMO | B27: 4417 | C27: SARRAFO NAO APARELHADO *2,5 X 7* CM, EM MACARANDUBA, ANGELIM OU EQUIVALENTE DA REGIAO - BRUTA | D27: MAT. | E27: M | F27: 1 | G27: 5,96 | H27: 5.96
A28: INSUMO | B28: 4491 | C28: PONTALETE *7,5 X 7,5* CM EM PINUS, MISTA OU EQUIVALENTE DA REGIAO - BRUTA | D28: MAT. | E28: M | F28: 4 | G28: 5,99 | H28: 23.96
A29: INSUMO | B29: 4813 | C29: PLACA DE OBRA (PARA CONSTRUCAO CIVIL) EM CHAPA GALVANIZADA *N. 22*, ADESIVADA, DE *2,0 X 1,125* M | D29: MAT. | E29: M2 | F29: 1 | G29: 225,00 | H29: 225
A30: INSUMO | B30: 5075 | C30: PREGO DE ACO POLIDO COM CABECA 18 X 30 (2 3/4 X 10) | D30: MAT. | E30: KG | F30: 0.11 | G30: 19,68 | H30: 2.1648
B31: Observação: | C31: REF: 74.209/001 SINAPI JUL/19
B33: CCU - 02.003 | C33: DEMOLIÇÃO MANUAL DE CONSTRUÇÕES PROVISÓRIAS DE MADEIRA - SEM REAPROVEITAMENTO | D33: SER.CG | E33: M2 | H33: 11.79
A34: SERVIÇO | B34: 88309 | C34: PEDREIRO COM ENCARGOS COMPLEMENTARES | D34: M.O | E34: H | F34: 0.1 | G34: 23,90 | H34: 2.39
A35: SERVIÇO | B35: 88262 | C35: CARPINTEIRO DE FORMAS COM ENCARGOS COMPLEMENTARES | D35: M.O | E35: H | F35: 0.1 | G35: 23,68 | H35: 2.36
A36: SERVIÇO | B36: 88316 | C36: SERVENTE COM ENCARGOS COMPLEMENTARES | D36: M.O | E36: H | F36: 0.4 | G36: 17,61 | H36: 7.04
B37: Observação: | C37: REF: SICRO 1600895 Jul/2018
B39: CCU - 02.004 | C39: REMOÇÃO DE PLACA DE SINALIZAÇÃO | D39: SER.CG | E39: M2 | H39: 18.3
A40: SERVIÇO | B40: 5824 | C40: CAMINHÃO TOCO, PBT 16.000 KG, CARGA ÚTIL MÁX. 10.685 KG, DIST. ENTRE EIXOS 4,8 M, POTÊNCIA 189 CV, INCLUSIVE CARROCERIA FIXA ABERTA DE MADEIRA P/ TRANSPORTE GERAL DE CARGA SECA, DIMEN. APROX. 2,5 X 7,00 X 0,50 M - CHP DIURNO. AF_06/2014 | D40: EQUIP. | E40: CHP | F40: 0.09469697 | G40: 140,48 | H40: 13.3
A41: SERVIÇO | B41: 88316 | C41: SERVENTE COM ENCARGOS COMPLEMENTARES | D41: M.O | E41: H | F41: 0.28409091 | G41: 17,61 | H41: 5
B42: Observação: | C42: REF: SICRO 5213364 Jul/2018
B44: CCU - 02.005 | C44: RETIRADA DE RESERVATÓRIO DE POLIETILENO DE 1000L E DESMONTAGEM DE ESTRUTURA - REFERÊNCIA | D44: SER.CG | E44: UN | H44: 233.75
A45: Cca | B45: CCU - 02.005-AUX | C45: TRANSPORTE VERTICAL (IÇAMENTO PARA MOBILIZAÇÃO/DESMOBILIZAÇÃO) | D45: SER.CG | E45: KG | F45: 55 | G45: 0.36 | H45: 19.8 | K45: PESO DA CAIXA D'ÁGUA VAZIA
A46: SERVIÇO | B46: 97642 | C46: REMOÇÃO DE TRAMA METÁLICA OU DE MADEIRA PARA FORRO, DE FORMA MANUAL, SEM REAPROVEITAMENTO. AF_12/2017 | D46: SER.CG | E46: M2 | F46: 10 | G46: 2,42 | H46: 24.2
A47: SERVIÇO | B47: 97628 | C47: DEMOLIÇÃO DE LAJES, DE FORMA MANUAL, SEM REAPROVEITAMENTO. AF_12/2017 | D47: SER.CG | E47: M3 | F47: 0.8291 | G47: 228,87 | H47: 189.75
B48: Observação: | C48: REF: CRIADA DE ACORDO COM A COMP. 98461 SINAPI
B50: CCU - 02.005-AUX | C50: TRANSPORTE VERTICAL (IÇAMENTO PARA MOBILIZAÇÃO/DESMOBILIZAÇÃO) | D50: SER.CG | E50: KG | H50: 0.36
A51: SERVIÇO | B51: 93287 | C51: GUINDASTE HIDRÁULICO AUTOPROPELIDO, COM LANÇA TELESCÓPICA 40 M, CAPACIDADE MÁXIMA 60 T, POTÊNCIA 260 KW - CHP DIURNO. AF_03/2016 | D51: EQUIP. | E51: CHP | F51: 0.0008 | G51: 332,03 | H51: 0.26
A52: SERVIÇO | B52: 93288 | C52: GUINDASTE HIDRÁULICO AUTOPROPELIDO, COM LANÇA TELESCÓPICA 40 M, CAPACIDADE MÁXIMA 60 T, POTÊNCIA 260 KW - CHI DIURNO. AF_03/2016 | D52: EQUIP. | E52: CHI | F52: 0.0011 | G52: 98,09 | H52: 0.1
B53: Observação: | C53: REF: SINAPI 93287 JAN/18
B55: CCU - 02.006 | C55: RETIRADA DE FOSSA DE 3.000L | D55: SER.CG | E55: UN | H55: 1364.34
A56: SERVIÇO | B56: 93358 | C56: ESCAVAÇÃO MANUAL DE VALA COM PROFUNDIDADE MENOR OU IGUAL A 1,30 M. AF_02/2021 | D56: SER.CG | E56: M3 | F56: 3 | G56: 69,66 | H56: 208.98
A57: Cca | B57: CCU - 02.AUX-007 | C57: TRANSPORTE VERTICAL (IÇAMENTO PARA MOBILIZAÇÃO/DESMOBILIZAÇÃO) | D57: SER.CG | E57: KG | F57: 3000 | G57: 0.36 | H57: 1080
A58: SERVIÇO | B58: 93382 | C58: REATERRO MANUAL DE VALAS COM COMPACTAÇÃO MECANIZADA. AF_04/2016 | D58: SER.CG | E58: M3 | F58: 3 | G58: 25,12 | H58: 75.36
B59: Observação: | C59: REF: CRIADA DE ACORDO COM O INSUMO 39362
B61: CCU - 03.001 | C61: ESTACA BROCA DE CONCRETO, DIÃMETRO DE 25 CM, ESCAVAÇÃO MANUAL COM TRADO CONCHA, NÃO ARMADA. AF_03/2018 | D61: SER.CG | E61: M | H61: 85.72804
A62: SERVIÇO | B62: 88309 | C62: PEDREIRO COM ENCARGOS COMPLEMENTARES | D62: M.O | E62: H | F62: 0.93 | G62: 23,90 | H62: 22.227
A63: SERVIÇO | B63: 88316 | C63: SERVENTE COM ENCARGOS COMPLEMENTARES | D63: M.O | E63: H | F63: 1.144 | G63: 17,61 | H63: 20.14584
A64: SERVIÇO | B64: 92794 | C64: CORTE E DOBRA DE AÇO CA-50, DIÂMETRO DE 10,0 MM, UTILIZADO EM ESTRUTURAS DIVERSAS, EXCETO LAJES. AF_12/2015 | D64: SER.CG | E64: KG | F64: 1.851 | G64: 11,04 | H64: 20.43504
A65: SERVIÇO | B65: 94970 | C65: CONCRETO FCK = 20MPA, TRAÇO 1:2,7:3 (EM MASSA SECA DE CIMENTO/ AREIA MÉDIA/ BRITA 1) - PREPARO MECÂNICO COM BETONEIRA 600 L. AF_05/2021 | D65: SER.CG | E65: M3 | F65: 0.062 | G65: 369,68 | H65: 22.92016
B66: Observação: | C66: REF: 98229 SINAPI JAN/19
B68: CCU - 03.002 | C68: CONCRETAGEM DE BLOCOS DE COROAMENTO E VIGAS BALDRAMES, FCK 25 MPA, COM USO DE BOMBA - LANÇAMENTO, ADENSAMENTO E ACABAMENTO | D68: SER.CG | E68: M3 | H68: 400.79196
A69: INSUMO | B69: 1527 | C69: CONCRETO USINADO BOMBEAVEL, CLASSE DE RESISTENCIA C25, COM BRITA 0 E 1, SLUMP = 100 +/- 20 MM, INCLUI SERVICO DE BOMBEAMENTO (NBR 8953) | D69: MAT. | E69: M3 | F69: 1.15 | G69: 332,49 | H69: 382.3635
A70: SERVIÇO | B70: 88309 | C70: PEDREIRO COM ENCARGOS COMPLEMENTARES | D70: M.O | E70: H | F70: 0.363 | G70: 23,90 | H70: 8.6757
A71: SERVIÇO | B71: 88316 | C71: SERVENTE COM ENCARGOS COMPLEMENTARES | D71: M.O | E71: H | F71: 0.544 | G71: 17,61 | H71: 9.57984
A72: SERVIÇO | B72: 90586 | C72: VIBRADOR DE IMERSÃO, DIÂMETRO DE PONTEIRA 45MM, MOTOR ELÉTRICO TRIFÁSICO POTÊNCIA DE 2 CV - CHP DIURNO. AF_06/2015 | D72: EQUIP. | E72: CHP | F72: 0.088 | G72: 1,50 | H72: 0.132
A73: SERVIÇO | B73: 90587 | C73: VIBRADOR DE IMERSÃO, DIÂMETRO DE PONTEIRA 45MM, MOTOR ELÉTRICO TRIFÁSICO POTÊNCIA DE 2 CV - CHI DIURNO. AF_06/2015 | D73: EQUIP. | E73: CHI | F73: 0.093 | G73: 0,44 | H73: 0.04092
B74: Observação: | C74: REF: 96557 SINAPI JAN/19
B76: CCU - 03.003 | C76: CONCRETAGEM DE BLOCOS DE COROAMENTO E VIGAS BALDRAMES, FCK 25 MPA, COM USO DE BOMBA - LANÇAMENTO, ADENSAMENTO E ACABAMENTO | D76: SER.CG | E76: M3 | H76: 629.48534
A77: INSUMO | B77: 1527 | C77: CONCRETO USINADO BOMBEAVEL, CLASSE DE RESISTENCIA C25, COM BRITA 0 E 1, SLUMP = 100 +/- 20 MM, INCLUI SERVICO DE BOMBEAMENTO (NBR 8953) | D77: MAT. | E77: M3 | F77: 1.103 | G77: 332,49 | H77: 366.73647
A78: SERVIÇO | B78: 88262 | C78: CARPINTEIRO DE FORMAS COM ENCARGOS COMPLEMENTARES | D78: M.O | E78: H | F78: 1.19 | G78: 23,68 | H78: 28.1792
A79: SERVIÇO | B79: 88309 | C79: PEDREIRO COM ENCARGOS COMPLEMENTARES | D79: M.O | E79: H | F79: 3.571 | G79: 23,90 | H79: 85.3469
A80: SERVIÇO | B80: 88316 | C80: SERVENTE COM ENCARGOS COMPLEMENTARES | D80: M.O | E80: H | F80: 8.407 | G80: 17,61 | H80: 148.04727
A81: SERVIÇO | B81: 90586 | C81: VIBRADOR DE IMERSÃO, DIÂMETRO DE PONTEIRA 45MM, MOTOR ELÉTRICO TRIFÁSICO POTÊNCIA DE 2 CV - CHP DIURNO. AF_06/2015 | D81: EQUIP. | E81: CHP | F81: 0.615 | G81: 1,50 | H81: 0.9225
A82: SERVIÇO | B82: 90587 | C82: VIBRADOR DE IMERSÃO, DIÂMETRO DE PONTEIRA 45MM, MOTOR ELÉTRICO TRIFÁSICO POTÊNCIA DE 2 CV - CHI DIURNO. AF_06/2015 | D82: EQUIP. | E82: CHI | F82: 0.575 | G82: 0,44 | H82: 0.253
B83: Observação: | C83: REF: 92741 SINAPI JAN/19
B85: CCU - 03.004 | C85: ESTRUTURA METALICA EM PERFIL "U" (CHAPA DOBRADA) 200x75x3x20 mm | D85: SER.CG | E85: KG | H85: 18.122285
A86: SERVIÇO | B86: 88315 | C86: SERRALHEIRO COM ENCARGOS COMPLEMENTARES | D86: M.O | E86: H | F86: 0.08 | G86: 23,78 | H86: 1.9024
A87: SERVIÇO | B87: 88316 | C87: SERVENTE COM ENCARGOS COMPLEMENTARES | D87: M.O | E87: H | F87: 0.08 | G87: 17,61 | H87: 1.4088
A88: SERVIÇO | B88: 98746 | C88: SOLDA DE TOPO EM CHAPA/PERFIL/TUBO DE AÇO CHANFRADO, ESPESSURA=1/4''. AF_06/2018 | D88: SER.CG | E88: M | F88: 0.006 | G88: 50,41 | H88: 0.30246
A89: COTAÇÃO | B89: COTAÇÃO-001 | C89: PERFIL "U" (CHAPA DOBRADA) 200x75x3x20 mm | D89: MAT. | E89: KG | F89: 1.05 | G89: 13.817738 | H89: 14.508625
B90: Observação: | C90: REF:73970/1-2 SINAPI JAN 2019
B92: CCU - 03.005 | C92: ESTRUTURA METALICA EM PERFIL "U" (CHAPA DOBRADA) 127x50x2,25x17 mm | D92: SER.CG | E92: KG | H92: 15.397653
A93: SERVIÇO | B93: 88315 | C93: SERRALHEIRO COM ENCARGOS COMPLEMENTARES | D93: M.O | E93: H | F93: 0.04 | G93: 23,78 | H93: 0.9512
A94: SERVIÇO | B94: 88316 | C94: SERVENTE COM ENCARGOS COMPLEMENTARES | D94: M.O | E94: H | F94: 0.04 | G94: 17,61 | H94: 0.7044
A95: SERVIÇO | B95: 98746 | C95: SOLDA DE TOPO EM CHAPA/PERFIL/TUBO DE AÇO CHANFRADO, ESPESSURA=1/4''. AF_06/2018 | D95: SER.CG | E95: M | F95: 0.006 | G95: 50,41 | H95: 0.30246
A96: COTAÇÃO | B96: COTAÇÃO-002 | C96: PERFIL "U" (CHAPA DOBRADA) 127x50x2,25x17 mm | D96: MAT. | E96: KG | F96: 1.05 | G96: 12.799612 | H96: 13.439593
B97: Observação: | C97: REF:73970/1-2 SINAPI JAN 2019
B99: CCU - 03.006 | C99: ESTRUTURA METALICA EM PERFIL CANTONEIRA L 6" x 4" x 3/8" | D99: SER.CG | E99: KG | H99: 7.720355
A100: SERVIÇO | B100: 88315 | C100: SERRALHEIRO COM ENCARGOS COMPLEMENTARES | D100: M.O | E100: H | F100: 0.04 | G100: 23,78 | H100: 0.9512
A101: SERVIÇO | B101: 88316 | C101: SERVENTE COM ENCARGOS COMPLEMENTARES | D101: M.O | E101: H | F101: 0.04 | G101: 17,61 | H101: 0.7044
A102: SERVIÇO | B102: 98746 | C102: SOLDA DE TOPO EM CHAPA/PERFIL/TUBO DE AÇO CHANFRADO, ESPESSURA=1/4''. AF_06/2018 | D102: SER.CG | E102: M | F102: 0.006 | G102: 50,41 | H102: 0.30246
A103: INSUMO | B103: M0682 | C103: Aço em perfis ASTM A36 | D103: MAT. | E103: KG | F103: 1.05 | G103: 5.4879 | H103: 5.762295
B104: Observação: | C104: REF:73970/1-2 SINAPI JAN 2018
B106: CCU - 03.007 | C106: ESTRUTURA METALICA EM PERFIL CANTONEIRA L 3.1/2" x 2.1/2" x 5/16" | D106: SER.CG | E106: KG | H106: 7.720355
A107: SERVIÇO | B107: 88315 | C107: SERRALHEIRO COM ENCARGOS COMPLEMENTARES | D107: M.O | E107: H | F107: 0.04 | G107: 23,78 | H107: 0.9512
A108: SERVIÇO | B108: 88316 | C108: SERVENTE COM ENCARGOS COMPLEMENTARES | D108: M.O | E108: H | F108: 0.04 | G108: 17,61 | H108: 0.7044
A109: SERVIÇO | B109: 98746 | C109: SOLDA DE TOPO EM CHAPA/PERFIL/TUBO DE AÇO CHANFRADO, ESPESSURA=1/4''. AF_06/2018 | D109: SER.CG | E109: M | F109: 0.006 | G109: 50,41 | H109: 0.30246
A110: INSUMO | B110: M0682 | C110: Aço em perfis ASTM A36 | D110: MAT. | E110: KG | F110: 1.05 | G110: 5.4879 | H110: 5.762295
B111: Observação: | C111: REF:73970/1-2 SINAPI JAN 2018
B113: CCU - 03.008 | C113: ESTRUTURA METALICA EM PERFIL CANTONEIRA L 4" x 3.1/2" x 1/4" | D113: SER.CG | E113: KG | H113: 7.720355
A114: SERVIÇO | B114: 88315 | C114: SERRALHEIRO COM ENCARGOS COMPLEMENTARES | D114: M.O | E114: H | F114: 0.04 | G114: 23,78 | H114: 0.9512
A115: SERVIÇO | B115: 88316 | C115: SERVENTE COM ENCARGOS COMPLEMENTARES | D115: M.O | E115: H | F115: 0.04 | G115: 17,61 | H115: 0.7044
A116: SERVIÇO | B116: 98746 | C116: SOLDA DE TOPO EM CHAPA/PERFIL/TUBO DE AÇO CHANFRADO, ESPESSURA=1/4''. AF_06/2018 | D116: SER.CG | E116: M | F116: 0.006 | G116: 50,41 | H116: 0.30246
...

Sheet SERVIÇOS
A1: PCI.817.01 - CUSTO DE COMPOSIÇÕES - SINTÉTICO DATA DE EMISSÃO: 11/06/2021 23:21:19 DATA DE RT: 11/06/2021
A2: ENCARGOS SOCIAIS SOBRE PREÇOS DA MÃO-DE-OBRA: 113,69%(HORA) 73,06%(MÊS)
A3: ABRANGÊNCIA : NACIONAL LOCALIDADE : BRASILIA DATA DE PREÇO : 05/2021 REFERÊNCIA COLETA : MEDIANO
A5: CODIGO DA COMPOSICAO | B5: DESCRICAO DA COMPOSICAO | C5: UNIDADE | D5: CUSTO TOTAL | E5: CLASSE
A7: 97141 | B7: ASSENTAMENTO DE TUBO DE FERRO FUNDIDO PARA REDE DE ÁGUA, DN 80 MM, JUNTA ELÁSTICA, INSTALADO EM LOCAL COM NÍVEL ALTO DE INTERFERÊNCIAS (NÃO INCLUI FORNECIMENTO). AF_11/2017 | C7: M | D7: 6,42 | E7: SER.CG
A8: 97142 | B8: ASSENTAMENTO DE TUBO DE FERRO FUNDIDO PARA REDE DE ÁGUA, DN 100 MM, JUNTA ELÁSTICA, INSTALADO EM LOCAL COM NÍVEL ALTO DE INTERFERÊNCIAS (NÃO INCLUI FORNECIMENTO). AF_11/2017 | C8: M | D8: 7,17 | E8: SER.CG
A9: 97143 | B9: ASSENTAMENTO DE TUBO DE FERRO FUNDIDO PARA REDE DE ÁGUA, DN 150 MM, JUNTA ELÁSTICA, INSTALADO EM LOCAL COM NÍVEL ALTO DE INTERFERÊNCIAS (NÃO INCLUI FORNECIMENTO). AF_11/2017 | C9: M | D9: 9,02 | E9: SER.CG
A10: 97144 | B10: ASSENTAMENTO DE TUBO DE FERRO FUNDIDO PARA REDE DE ÁGUA, DN 200 MM, JUNTA ELÁSTICA, INSTALADO EM LOCAL COM NÍVEL ALTO DE INTERFERÊNCIAS (NÃO INCLUI FORNECIMENTO). AF_11/2017 | C10: M | D10: 10,88 | E10: SER.CG
A11: 97145 | B11: ASSENTAMENTO DE TUBO DE FERRO FUNDIDO PARA REDE DE ÁGUA, DN 250 MM, JUNTA ELÁSTICA, INSTALADO EM LOCAL COM NÍVEL ALTO DE INTERFERÊNCIAS (NÃO INCLUI FORNECIMENTO). AF_11/2017 | C11: M | D11: 12,78 | E11: SER.CG
A12: 97146 | B12: ASSENTAMENTO DE TUBO DE FERRO FUNDIDO PARA REDE DE ÁGUA, DN 300 MM, JUNTA ELÁSTICA, INSTALADO EM LOCAL COM NÍVEL ALTO DE INTERFERÊNCIAS (NÃO INCLUI FORNECIMENTO). AF_11/2017 | C12: M | D12: 14,64 | E12: SER.CG
A13: 97147 | B13: ASSENTAMENTO DE TUBO DE FERRO FUNDIDO PARA REDE DE ÁGUA, DN 350 MM, JUNTA ELÁSTICA, INSTALADO EM LOCAL COM NÍVEL ALTO DE INTERFERÊNCIAS (NÃO INCLUI FORNECIMENTO). AF_11/2017 | C13: M | D13: 16,53 | E13: SER.CG
A14: 97148 | B14: ASSENTAMENTO DE TUBO DE FERRO FUNDIDO PARA REDE DE ÁGUA, DN 400 MM, JUNTA ELÁSTICA, INSTALADO EM LOCAL COM NÍVEL ALTO DE INTERFERÊNCIAS (NÃO INCLUI FORNECIMENTO). AF_11/2017 | C14: M | D14: 18,41 | E14: SER.CG
A15: 97149 | B15: ASSENTAMENTO DE TUBO DE FERRO FUNDIDO PARA REDE DE ÁGUA, DN 450 MM, JUNTA ELÁSTICA, INSTALADO EM LOCAL COM NÍVEL ALTO DE INTERFERÊNCIAS (NÃO INCLUI FORNECIMENTO). AF_11/2017 | C15: M | D15: 20,31 | E15: SER.CG
A16: 97150 | B16: ASSENTAMENTO DE TUBO DE FERRO FUNDIDO PARA REDE DE ÁGUA, DN 500 MM, JUNTA ELÁSTICA, INSTALADO EM LOCAL COM NÍVEL ALTO DE INTERFERÊNCIAS (NÃO INCLUI FORNECIMENTO). AF_11/2017 | C16: M | D16: 25,10 | E16: SER.CG
A17: 97151 | B17: ASSENTAMENTO DE TUBO DE FERRO FUNDIDO PARA REDE DE ÁGUA, DN 600 MM, JUNTA ELÁSTICA, INSTALADO EM LOCAL COM NÍVEL ALTO DE INTERFERÊNCIAS (NÃO INCLUI FORNECIMENTO). AF_11/2017 | C17: M | D17: 29,32 | E17: SER.CG
A18: 97152 | B18: ASSENTAMENTO DE TUBO DE FERRO FUNDIDO PARA REDE DE ÁGUA, DN 700 MM, JUNTA ELÁSTICA, INSTALADO EM LOCAL COM NÍVEL ALTO DE INTERFERÊNCIAS (NÃO INCLUI FORNECIMENTO). AF_11/2017 | C18: M | D18: 33,26 | E18: SER.CG
... A1285: 94444 | B1285: TELHAMENTO COM TELHA DE ENCAIXE, TIPO FRANCESA DE VIDRO, COM ATÉ 2 ÁGUAS, INCLUSO TRANSPORTE VERTICAL. AF_07/2019 | C1285: M2 | D1285: 862,58 | E1285: SER.CG
A1286: 73881/1 | B1286: EXECUCAO DE DRENO COM MANTA GEOTEXTIL 200 G/M2 | C1286: M2 | D1286: 5,60 | E1286: SER.CG
A1287: 73883/2 | B1287: EXECUCAO DE DRENO FRANCES COM BRITA NUM 2 | C1287: M3 | D1287: 178,37 | E1287: SER.CG
A1288: 92743 | B1288: MURO DE GABIÃO, ENCHIMENTO COM PEDRA DE MÃO TIPO RACHÃO, DE GRAVIDADE, COM GAIOLAS DE COMPRIMENTO IGUAL A 2 M, PARA MUROS COM ALTURA MENOR OU IGUAL A 4 M  FORNECIMENTO E EXECUÇÃO. AF_12/2015 | C1288: M3 | D1288: 580,08 | E1288: SER.CG
A1289: 92744 | B1289: MURO DE GABIÃO, ENCHIMENTO COM PEDRA DE MÃO TIPO RACHÃO, DE GRAVIDADE, COM GAIOLAS DE COMPRIMENTO IGUAL A 5 M, PARA MUROS COM ALTURA MENOR OU IGUAL A 4 M  FORNECIMENTO E EXECUÇÃO. AF_12/2015 | C1289: M3 | D1289: 553,62 | E1289: SER.CG
A1290: 92745 | B1290: MURO DE GABIÃO, ENCHIMENTO COM PEDRA DE MÃO TIPO RACHÃO, DE GRAVIDADE, COM GAIOLAS DE COMPRIMENTO IGUAL A 2 M, PARA MUROS COM ALTURA MAIOR QUE 4 M E MENOR OU IGUAL A 6 M  FORNECIMENTO E EXECUÇÃO. AF_12/2015 | C1290: M3 | D1290: 705,80 | E1290: SER.CG
A1291: 92746 | B1291: MURO DE GABIÃO, ENCHIMENTO COM PEDRA DE MÃO TIPO RACHÃO, DE GRAVIDADE, COM GAIOLAS DE COMPRIMENTO IGUAL A 5 M, PARA MUROS COM ALTURA MAIOR QUE 4 M E MENOR OU IGUAL A 6 M FORNECIMENTO E EXECUÇÃO. AF_12/2015 | C1291: M3 | D1291: 647,09 | E1291: SER.CG
A1292: 92747 | B1292: MURO DE GABIÃO, ENCHIMENTO COM PEDRA DE MÃO TIPO RACHÃO, DE GRAVIDADE, COM GAIOLAS DE COMPRIMENTO IGUAL A 2 M, PARA MUROS COM ALTURA MAIOR QUE 6 M E MENOR OU IGUAL A 10 M FORNECIMENTO E EXECUÇÃO. AF_12/2015 | C1292: M3 | D1292: 777,40 | E1292: SER.CG
A1293: 92748 | B1293: MURO DE GABIÃO, ENCHIMENTO COM PEDRA DE MÃO TIPO RACHÃO, DE GRAVIDADE, COM GAIOLAS DE COMPRIMENTO IGUAL A 5 M, PARA MUROS COM ALTURA MAIOR QUE 6 M E MENOR OU IGUAL A 10 M FORNECIMENTO E EXECUÇÃO. AF_12/2015 | C1293: M3 | D1293: 700,71 | E1293: SER.CG
A1294: 92749 | B1294: MURO DE GABIÃO, ENCHIMENTO COM PEDRA DE MÃO TIPO RACHÃO, COM SOLO REFORÇADO, PARA MUROS COM ALTURA MENOR OU IGUAL A 4 M FORNECIMENTO E EXECUÇÃO. AF_12/2015 | C1294: M3 | D1294: 799,79 | E1294: SER.CG
A1295: 92750 | B1295: MURO DE GABIÃO, ENCHIMENTO COM PEDRA DE MÃO TIPO RACHÃO, COM SOLO REFORÇADO, PARA MUROS COM ALTURA MAIOR QUE 4 M E MENOR OU IGUAL A 12 M FORNECIMENTO E EXECUÇÃO. AF_12/2015 | C1295: M3 | D1295: 1.331,39 | E1295: SER.CG
A1296: 92751 | B1296: MURO DE GABIÃO, ENCHIMENTO COM PEDRA DE MÃO TIPO RACHÃO, COM SOLO REFORÇADO, PARA MUROS COM ALTURA MAIOR QUE 12 M E MENOR OU IGUAL A 20 M FORNECIMENTO E EXECUÇÃO. AF_12/2015 | C1296: M3 | D1296: 1.640,32 | E1296: SER.CG
A1297: 92752 | B1297: MURO DE GABIÃO, ENCHIMENTO COM PEDRA DE MÃO TIPO RACHÃO, COM SOLO REFORÇADO, PARA MUROS COM ALTURA MAIOR QUE 20 M E MENOR OU IGUAL A 28 M FORNECIMENTO E EXECUÇÃO. AF_12/2015 | C1297: M3 | D1297: 1.947,99 | E1297: SER.CG
A1298: 92753 | B1298: MURO DE GABIÃO, ENCHIMENTO COM RESÍDUO DE CONSTRUÇÃO E DEMOLIÇÃO, DE GRAVIDADE, COM GAIOLA TRAPEZOIDAL DE COMPRIMENTO IGUAL A 2 M, PARA MUROS COM ALTURA MENOR OU IGUAL A 2 M FORNECIMENTO E EXECUÇÃO. AF_12/2015 | C1298: M3 | D1298: 491,27 | E1298: SER.CG
A1299: 92754 | B1299: MURO DE GABIÃO, ENCHIMENTO COM RESÍDUO DE CONSTRUÇÃO E DEMOLIÇÃO, DE GRAVIDADE, COM GAIOLA TRAPEZOIDAL DE COMPRIMENTO IGUAL A 2 M, PARA MUROS COM ALTURA MAIOR QUE 2 M E MENOR OU IGUAL A 4 M FORNECIMENTO E EXECUÇÃO. AF_12/2015 | C1299: M3 | D1299: 449,33 | E1299: SER.CG
... A1369: 100349 | B1369: CONCRETAGEM DE CORTINA DE CONTENÇÃO, ATRAVÉS DE BOMBA  LANÇAMENTO, ADENSAMENTO E ACABAMENTO. AF_07/2019 | C1369: M3 | D1369: 404,17 | E1369: SER.CG
A1370: 73856/1 | B1370: BOCA P/BUEIRO SIMPLES TUBULAR D=0,40M EM CONCRETO CICLOPICO, INCLINDO FORMAS, ESCAVACAO, REATERRO E MATERIAIS, EXCLUINDO MATERIAL REATERRO JAZIDA E TRANSPORTE | C1370: UN | D1370: 861,81 | E1370: SER.CG
A1371: 73856/2 | B1371: BOCA PARA BUEIRO SIMPLES TUBULAR, DIAMETRO =0,60M, EM CONCRETO CICLOPICO, INCLUINDO FORMAS, ESCAVACAO, REATERRO E MATERIAIS, EXCLUINDO MATERIAL REATERRO JAZIDA E TRANSPORTE. | C1371: UN | D1371: 1.402,03 | E1371: SER.CG
A1372: 73856/3 | B1372: BOCA PARA BUEIRO SIMPLES TUBULAR, DIAMETRO =0,80M, EM CONCRETO CICLOPICO, INCLUINDO FORMAS, ESCAVACAO, REATERRO E MATERIAIS, EXCLUINDO MATERIAL REATERRO JAZIDA E TRANSPORTE. | C1372: UN | D1372: 2.088,43 | E1372: SER.CG
A1373: 73856/4 | B1373: BOCA PARA BUEIRO SIMPLES TUBULAR, DIAMETRO =1,00M, EM CONCRETO CICLOPICO, INCLUINDO FORMAS, ESCAVACAO, REATERRO E MATERIAIS, EXCLUINDO MATERIAL REATERRO JAZIDA E TRANSPORTE. | C1373: UN | D1373: 2.929,67 | E1373: SER.CG
A1374: 83716 | B1374: GRELHA FF 30X90CM, 135KG, P/ CX RALO COM ASSENTAMENTO DE ARGAMASSA CIMENTO/AREIA 1:4 - FORNECIMENTO E INSTALAÇÃO | C1374: UN | D1374: 515,63 | E1374: SER.CG
A1375: 97933 | B1375: CAIXA COM GRELHA SIMPLES RETANGULAR, EM CONCRETO PRÉ-MOLDADO, DIMENSÕES INTERNAS: 0,6X1,0X1,0 M. AF_12/2020 | C1375: UN | D1375: 782,90 | E1375: SER.CG
A1376: 97934 | B1376: CAIXA COM GRELHA DUPLA RETANGULAR, EM CONCRETO PRÉ-MOLDADO, DIMENSÕES INTERNAS: 0,6X2,2X1,0 M. AF_12/2020 | C1376: UN | D1376: 1.807,96 | E1376: SER.CG
A1377: 97935 | B1377: CAIXA PARA BOCA DE LOBO SIMPLES RETANGULAR, EM CONCRETO PRÉ-MOLDADO, DIMENSÕES INTERNAS: 0,6X1,0X1,2 M. AF_12/2020 | C1377: UN | D1377: 663,28 | E1377: SER.CG
A1378: 97936 | B1378: CAIXA PARA BOCA DE LOBO DUPLA RETANGULAR, EM CONCRETO PRÉ-MOLDADO, DIMENSÕES INTERNAS: 0,6X2,2X1,2 M. AF_12/2020 | C1378: UN | D1378: 1.617,20 | E1378: SER.CG
A1379: 97947 | B1379: CAIXA COM GRELHA SIMPLES RETANGULAR, EM ALVENARIA COM TIJOLOS CERÂMICOS MACIÇOS, DIMENSÕES INTERNAS: 0,5X1X1 M. AF_12/2020 | C1379: UN | D1379: 1.489,76 | E1379: SER.CG
A1380: 97948 | B1380: CAIXA COM GRELHA DUPLA RETANGULAR, EM ALVENARIA COM TIJOLOS CERÂMICOS MACIÇOS, DIMENSÕES INTERNAS: 0,5X2,2X1 M. AF_12/2020 | C1380: UN | D1380: 2.740,26 | E1380: SER.CG
A1381: 97949 | B1381: CAIXA PARA BOCA DE LOBO SIMPLES RETANGULAR, EM ALVENARIA COM TIJOLOS CERÂMICOS MACIÇOS, DIMENSÕES INTERNAS: 0,6X1X1,2 M. AF_12/2020 | C1381: UN | D1381: 1.551,29 | E1381: SER.CG
A1382: 97950 | B1382: CAIXA PARA BOCA DE LOBO DUPLA RETANGULAR, EM ALVENARIA COM TIJOLOS CERÂMICOS MACIÇOS, DIMENSÕES INTERNAS: 0,6X2,2X1,2 M. AF_12/2020 | C1382: UN | D1382: 2.735,00 | E1382: SER.CG
A1383: 97951 | B1383: CAIXA PARA BOCA DE LOBO COMBINADA COM GRELHA RETANGULAR, EM ALVENARIA COM TIJOLOS CERÂMICOS MACIÇOS, DIMENSÕES INTERNAS: 1,3X1X1,2 M. AF_12/2020 | C1383: UN | D1383: 2.425,51 | E1383: SER.CG
A1384: 97952 | B1384: CAIXA PARA BOCA DE LOBO DUPLA COMBINADA COM GRELHA RETANGULAR, EM ALVENARIA COM TIJOLOS CERÂMICOS MACIÇOS, DIMENSÕES INTERNAS: 1,3X2,2X1,2 M. AF_12/2020 | C1384: UN | D1384: 4.177,03 | E1384: SER.CG
A1385: 97953 | B1385: CAIXA COM GRELHA SIMPLES RETANGULAR, EM ALVENARIA COM BLOCOS DE CONCRETO, DIMENSÕES INTERNAS: 0,5X1X1 M. AF_12/2020 | C1385: UN | D1385: 1.054,47 | E1385: SER.CG
... A1789: 102165 | B1789: INSTALAÇÃO DE VIDRO LISO FUME, E = 5 MM, EM ESQUADRIA DE ALUMÍNIO OU PVC, FIXADO COM BAGUETE. AF_01/2021_P | C1789: M2 | D1789: 246,26 | E1789: SER.CG
A1790: 102166 | B1790: INSTALAÇÃO DE VIDRO LISO INCOLOR, E = 6 MM, EM ESQUADRIA DE ALUMÍNIO OU PVC, FIXADO COM BAGUETE. AF_01/2021_P | C1790: M2 | D1790: 220.49 | E1790: SER.CG
A1791: 102167 | B1791: INSTALAÇÃO DE VIDRO LISO FUME, E = 6 MM, EM ESQUADRIA DE ALUMÍNIO OU PVC, FIXADO COM BAGUETE. AF_01/2021_P | C1791: M2 | D1791: 278,45 | E1791: SER.CG
A1792: 102168 | B1792: INSTALAÇÃO DE VIDRO LISO INCOLOR, E = 8 MM, EM ESQUADRIA DE ALUMÍNIO OU PVC, FIXADO COM BAGUETE. AF_01/2021_P | C1792: M2 | D1792: 264,46 | E1792: SER.CG
A1793: 102169 | B1793: INSTALAÇÃO DE VIDRO LISO INCOLOR, E = 10 MM, EM ESQUADRIA DE ALUMÍNIO OU PVC, FIXADO COM BAGUETE. AF_01/2021_P | C1793: M2 | D1793: 299,95 | E1793: SER.CG
A1794: 102170 | B1794: INSTALAÇÃO DE VIDRO IMPRESSO, E = 4 MM, EM ESQUADRIA DE ALUMÍNIO OU PVC, FIXADO COM BAGUETE. AF_01/2021_P | C1794: M2 | D1794: 209,86 | E1794: SER.CG
A1795: 102171 | B1795: INSTALAÇÃO DE VIDRO ARAMADO, E = 6 MM, EM ESQUADRIA DE ALUMÍNIO OU PVC, FIXADO COM BAGUETE. AF_01/2021_P | C1795: M2 | D1795: 351,65 | E1795: SER.CG
A1796: 102172 | B1796: INSTALAÇÃO DE VIDRO ARAMADO, E = 7 MM, EM ESQUADRIA DE ALUMÍNIO OU PVC, FIXADO COM BAGUETE. AF_01/2021_P | C1796: M2 | D1796: 336,40 | E1796: SER.CG
A1797: 102176 | B1797: INSTALAÇÃO DE VIDRO LAMINADO, E = 8 MM (4+4), ENCAIXADO EM PERFIL U. AF_01/2021_P | C1797: M2 | D1797: 625,78 | E1797: SER.CG
A1798: 102177 | B1798: INSTALAÇÃO DE VIDRO LAMINADO, E = 12 MM (4+4+4), ENCAIXADO EM PERFIL U. AF_01/2021_P | C1798: M2 | D1798: 1.209,69 | E1798: SER.CG
A1799: 102178 | B1799: INSTALAÇÃO DE VIDRO LAMINADO, E = 15 MM (5+5+5), ENCAIXADO EM PERFIL U. AF_01/2021_P | C1799: M2 | D1799: 1.378,84 | E1799: SER.CG
A1800: 102179 | B1800: INSTALAÇÃO DE VIDRO TEMPERADO, E = 6 MM, ENCAIXADO EM PERFIL U. AF_01/2021_P | C1800: M2 | D1800: 227,09 | E1800: SER.CG
A1801: 102180 | B1801: INSTALAÇÃO DE VIDRO TEMPERADO, E = 8 MM, ENCAIXADO EM PERFIL U. AF_01/2021_P | C1801: M2 | D1801: 251,20 | E1801: SER.CG
A1802: 102181 | B1802: INSTALAÇÃO DE VIDRO TEMPERADO, E = 10 MM, ENCAIXADO EM PERFIL U. AF_01/2021_P | C1802: M2 | D1802: 285,81 | E1802: SER.CG
... A6879: 101460 | B6879: VIGIA DIURNO COM ENCARGOS COMPLEMENTARES | C6879: MES | D6879: 3.264,40 | E6879: M.O
A6886: RESOLUÇÃO ADASA Nº 25 (20/2020) | B6886: DISPOSIÇÃO FINAL DE RESÍDUOS DA CONSTRUÇÃO CIVIL NÃO SEGREGADOS | C6886: T | D6886: 21.44 | E6886: SER.CG
A7175: 95424 | B7175: CURSO DE CAPACITAÇÃO PARA TOPÓGRAFO (ENCARGOS COMPLEMENTARES) - MENSALISTA | C7175: MES | D7175: 13,95 | E7175: SER.CG

Sheet INSUMOS
A1: PRECOS DE INSUMOS
A3: MES DE COLETA: 05/2021
A4: LOCALIDADE: 4495 - BRASILIA
A5: ENCARGOS SOCIAIS (%) HORISTA 113,69 MENSALISTA 73,06
A7: CODIGO | B7: DESCRICAO DO INSUMO | C7: UNIDADE | D7: PRECO MEDIANO R$ | E7: CLASSE
A8: 1363 | B8: !EM PROCESSO DE DESATIVACAO! CHAPA DE MADEIRA COMPENSADA DE PINUS, VIROLA OU EQUIVALENTE, DE *2,2 X 1,6* M, E = 6 MM | C8: M2 | D8: 22,05 | E8: MAT.
A9: 1344 | B9: !EM PROCESSO DE DESATIVACAO! CHAPA DE MADEIRA COMPENSADA PLASTIFICADA PARA FORMA DE CONCRETO, DE 2,20 x 1,10 M, E = 6 MM | C9: UN | D9: 63,27 | E9: MAT.
A10: 1342 | B10: !EM PROCESSO DE DESATIVACAO! CHAPA DE MADEIRA COMPENSADA PLASTIFICADA PARA FORMA DE CONCRETO, DE 2,20 X 1,10 m, E = 14 MM | C10: UN | D10: 111,84 | E10: MAT.
A11: 1349 | B11: !EM PROCESSO DE DESATIVACAO! CHAPA DE MADEIRA COMPENSADA PLASTIFICADA PARA FORMA DE CONCRETO, DE 2,20 X 1,10 M, E = 20 MM | C11: UN | D11: 159,51 | E11: MAT.
A12: 1350 | B12: !EM PROCESSO DE DESATIVACAO! CHAPA DE MADEIRA COMPENSADA RESINADA PARA FORMA DE CONCRETO, DE *2,2 X 1,1* M, E = 10 MM | C12: UN | D12: 63,00 | E12: MAT.
A13: 1359 | B13: !EM PROCESSO DE DESATIVACAO! CHAPA DE MADEIRA COMPENSADA RESINADA PARA FORMA DE CONCRETO, DE *2,2 X 1,1* M, E = 20 MM | C13: UN | D13: 123,98 | E13: MAT.
A14: 1351 | B14: !EM PROCESSO DE DESATIVACAO! CHAPA DE MADEIRA COMPENSADA RESINADA PARA FORMA DE CONCRETO, DE *2,2 X 1,1* M, E = 6 MM | C14: UN | D14: 39,95 | E14: MAT.
A15: 2418 | B15: !EM PROCESSO DE DESATIVACAO! DOBRADICA EM ACO/FERRO, 3" X 2 1/2", E= 1,2 A 1,8 MM, SEM ANEL, CROMADO OU ZINCADO, TAMPA BOLA, COM PARAFUSOS | C15: UN | D15: 6,63 | E15: MAT.
A16: 6086 | B16: !EM PROCESSO DE DESATIVACAO! FUNDO SINTETICO NIVELADOR BRANCO FOSCO PARA MADEIRA | C16: GL | D16: 78,97 | E16: MAT.
A17: 3378 | B17: !EM PROCESSO DE DESATIVACAO! HASTE DE ATERRAMENTO EM ACO COM 3,00 M DE COMPRIMENTO E DN = 3/4", REVESTIDA COM BAIXA CAMADA DE COBRE, SEM CONECTOR | C17: UN | D17: 80,32 | E17: MAT.
A18: 3380 | B18: !EM PROCESSO DE DESATIVACAO! HASTE DE ATERRAMENTO EM ACO COM 3,00 M DE COMPRIMENTO E DN = 5/8", REVESTIDA COM BAIXA CAMADA DE COBRE, COM CONECTOR TIPO GRAMPO | C18: UN | D18: 56,23 | E18: MAT.
A19: 3379 | B19: !EM PROCESSO DE DESATIVACAO! HASTE DE ATERRAMENTO EM ACO COM 3,00 M DE COMPRIMENTO E DN = 5/8", REVESTIDA COM BAIXA CAMADA DE COBRE, SEM CONECTOR | C19: UN | D19: 54,29 | E19: MAT.
... A5189: 41776 | B5189: VIGIA NOTURNO, HORA EFETIVAMENTE TRABALHADA DE 22 H AS 5 H (COM ADICIONAL NOTURNO) | C5189: H | D5189: 16,32 | E5189: M.O
A5191: TOTAL DE INSUMOS : 5182
E5198: MAT.
A5199: M1378 | B5199: Chapa de aço ASTM A36 | C5199: KG | D5199: 5.8168 | E5199: MAT. | G5199: SICRO | H5199: 43466
A5200: M0682 | B5200: Aço em perfis ASTM A36 | C5200: KG | D5200: 5.4879 | E5200: MAT. | G5200: SICRO | H5200: 43466
A5201: E9521 | B5201: Grupo gerador - 2,5/3 Kva | C5201: CHP | D5201: 2.2081 | E5201: EQUIP.
A5202: E9675 | B5202: Martelete perfurador/rompedor elétrico - 1,5 kW | C5202: CHP | D5202: 0.5916 | E5202: EQUIP.
A5203: M1527 | B5203: Broca de widia - D = 10 mm | C5203: UN | D5203: 9.0055 | E5203: MAT.
A5204: M0719 | B5204: Diluente epóxi | C5204: L | D5204: 25.9713 | E5204: MAT.
A5205: E9605 | B5205: Caminhão tanque com capacidade de 6.000 l - 136 Kw | C5205: CHP | D5205: 145.2478 | E5205: EQUIP.
A5206: E9649 | B5206: Compressor de ar portátil de 197 PCM - 55 kW | C5206: CHP | D5206: 53.94 | E5206: EQUIP.
A5207: E9591 | B5207: Serra para corte de concreto e asfalto - 10 kW | C5207: CHP | D5207: 9.8675 | E5207: EQUIP.
A5208: E9605-I | B5208: Caminhão tanque com capacidade de 6.000 l - 136 Kw | C5208: CHI | D5208: 45.0236 | E5208: EQUIP.
A5209: E9649-I | B5209: Compressor de ar portátil de 197 PCM - 55 kW | C5209: CHI | D5209: 11.9794 | E5209: EQUIP.
A5210: E9591-I | B5210: Serra para corte de concreto e asfalto - 10 kW | C5210: CHI | D5210: 1.1477 | E5210: EQUIP.
A5211: M1131 | B5211: Cordão de polietileno expandido | C5211: M | D5211: 0.1199 | E5211: MAT.
A5212: M1385 | B5212: Disco diamantado - D = 350 mm | C5212: UN | D5212: 247.3046 | E5212: MAT.
... A5228: M0163 | B5228: Gonzo com aba 1/2" em aço galvanizado | C5228: UN | D5228: 0.87 | E5228: MAT.
A5229: 1419543 | B5229: Corte de perfil metálico com máquina policorte com espessura de até 1/8" | C5229: UN | D5229: 0.12 | E5229: SER
A5230: 2408070 | B5230: Pintura epóxi em chapa de aço com pistola a ar comprimido | C5230: M2 | D5230: 13.06 | E5230: SER
A5231: 2408057 | B5231: Solda elétrica de perfis metálicos e chapas de aço com eletrodo E60XX | C5231: KG | D5231: 64.92 | E5231: SER
A5232: E9028 | B5232: Lavadora profissional - 5,2 Kw | C5232: CHP | D5232: 22.983 | E5232: EQUIP.
A5236: 17001000276 | B5236: Veneziana para descarga de ar com lâminas fixas, 200 x 50 cm | C5236: UN | E5236: MAT. | G5236: TCPO
A5237: 17001000275 | B5237: Veneziana para descarga de ar com lâminas fixas, 200 x 40 cm | C5237: UN | E5237: MAT. | G5237: TCPO
A5238: 14001000902 | B5238: Tubo de ferro fundido Ø 150 mm - 6" | C5238: M | E5238: MAT. | G5238: TCPO
A5239: 14001000925 | B5239: LUBRIFICANTE DE TUBO DE FERRO FUNDIDO | C5239: KG | E5239: MAT. | G5239: TCPO
A5240: 14001000883 | B5240: ANEL DE BORRACHA PARA FERRO FUNDIDO DE Ø 150 mm - 6" | C5240: UN | E5240: MAT. | G5240: TCPO
A5241: 14001000914 | B5241: Joelho 90° de ferro fundido junta elástica Ø 150 mm - 6" | C5241: UN | E5241: MAT. | G5241: TCPO
A5242: 13002000018 | B5242: PORTA DE FERRO 2 FOLHAS INCLUSIVE BATENTE E FERRAGENS | C5242: M2 | E5242: MAT. | G5242: TCPO
A5243: 15002000003 | B5243: BANCADA DE AÇO INOXIDÁVEL COM ACABAMENTO ESCOVADO E CANTOS RETOS #4CM | C5243: M2 | E5243: MAT. | G5243: TCPO
A5244: A E9521
A5246: TOTAL DE INSUMOS : 5331

Sheet 074-19-cotação
A2: GOVERNO DO DISTRITO FEDERAL
A3: SECRETARIA DE ESTADO DE INFRAESTRUTURA E SERVIÇOS PÚBLICOS
A4: COMPANHIA URBANIZADORA DA NOVA CAPITAL DO BRASIL
A5: COTAÇÕES
A6: Nº ESTIMATIVA PRINCIPAL: | B6: ='074-19-CCU''s'!C6 -> 074/2019-SEORÇA-SDS-R02 | F6: DATA: | G6: ='[10]074.01-19-Edificação'!J6 -> 44225
A7: TÍTULO: | B7: ='[11]074-19-CCU''s'!C7 -> REFORMA DA CRECHE NÚCLEO RURAL JARDIM II | F7: Nº PROJETO: | G7: ='[11]074.01-19-Edificação'!H7 -> PROJ-DE 125-18
A9: COTAÇÃO | B9: MATERIAL | C9: VALOR ADOTADO | D9: UN | E9: EMPRESA | F9: EMPRESA | G9: EMPRESA | H9: PREÇO PÚBLICO PAINEL DE PREÇO | I9: MAT.
A10: COTAÇÃO-001 | B10: PERFIL "U" (CHAPA DOBRADA) 200x75x3x20 mm | C10: =MIN(E12:G12) -> 13.817738 | D10: KG | E10: GRAVIA | F10: PINHEIRO FERRAGENS | G10: PERFILADOS TERRA | I10: MAT.
A11: Os preços cotados com data posteior a data base da estimativa orçamentária foram retroagidos utilizando a COL-19 da Planilha de Índice Nacional da Construção Civil (INCC). | C11: CONTATO | E11: soraya.lima@gravia.com.br | F11: DIOGO | G11: www.perfiladosterra.com.br | I11: MEDIANA | J11: 30% MAIOR | K11: 30%MENOR
C12: PREÇO | E12: 13.9 | F12: =((848.65/6)/8.63) -> 16.389533 | G12: =(735.38/6)/8.87 -> 13.817738 | I12: =MEDIAN(E12:G12) -> 13.9 | J12: =I12*1.3 -> 18.07 | K12: =I12*0.7 -> 9.73
C13: ICC % | E13: ='[10]Reajustamento INCC'!$C$155 -> 1.0174762 | F13: ='[10]Reajustamento INCC'!$C$155 -> 1.0174762 | G13: ='[10]Reajustamento INCC'!$C$155 -> 1.0174762
C14: PREÇO REAJUSTADO | E14: =G12/E13 -> 13.580404 | F14: =F12/F13 -> 16.108025 | G14: =G12/G13 -> 13.580404
C15: MÊS - ICC | E15: OUT20 A NOV20 | F15: OUT20 A NOV20 | G15: OUT20 A NOV20
C16: CNPJ | E16: 26.487.744/0001-76 | F16: 00.002.329/0002-72 | G16: 59.154.237/0001-70
C17: TELEFONE | E17: 61 3355-9090 | F17: (61) 3354-8181 | G17: (61) 3233-3525
C18: DATA | E18: 44371 | F18: 44379 | G18: 44371
A20: COTAÇÃO-002 | B20: PERFIL "U" (CHAPA DOBRADA) 127x50x2,25x17 mm | C20: =MIN(E22:G22) -> 12.799612 | D20: KG | E20: GRAVIA | F20: PINHEIRO FERRAGENS | G20: PERFILADOS TERRA | I20: MAT.
A21: =$A$11 -> Os preços cotados com data posteior a data base da estimativa orçamentária foram retroagidos utilizando a COL-19 da Planilha de Índice Nacional da Construção Civil (INCC). | C21: CONTATO | E21: soraya.lima@gravia.com.br | F21: DIOGO | G21: www.perfiladosterra.com.br | I21: MEDIANA | J21: 30% MAIOR | K21: 30%MENOR
C22: PREÇO | E22: =((413.57/6)/4.3) -> 16.029845 | F22: =((395.92/6)/4.3) -> 15.345736 | G22: =(330.23/6)/4.3 -> 12.799612 | I22: =MEDIAN(E22:G22) -> 15.345736 | J22: =I22*1.3 -> 19.949457 | K22: =I22*0.7 -> 10.742016
A23: =$A$11 -> Os preços cotados com data posteior a data base da estimativa orçamentária foram retroagidos utilizando a COL-19 da Planilha de Índice Nacional da Construção Civil (INCC). | C23: ICC % | E23: ='[10]Reajustamento INCC'!$C$155 -> 1.0174762 | F23: ='[10]Reajustamento INCC'!$C$155 -> 1.0174762 | G23: ='[10]Reajustamento INCC'!$C$155 -> 1.0174762
C24: PREÇO REAJUSTADO | E24: =E22/E23 -> 15.754516 | F24: =F22/F23 -> 15.082157 | G24: =G22/G23 -> 12.579766
C25: MÊS - ICC | E25: OUT20 A NOV20 | F25: OUT20 A NOV20 | G25: OUT20 A NOV20
C26: CNPJ | E26: 26.487.744/0001-76 | F26: 00.002.329/0002-72 | G26: 59.154.237/0001-70
C27: TELEFONE | E27: (61) 3355-9090 | F27: (61) 3012-8181 | G27: (61) 3233-3525
C28: DATA | E28: 44379 | F28: 44380 | G28: 44370
A30: COTAÇÃO-004 | B30: CHUMBADOR QUÍMICO ∅ 5/8" | C30: =MIN(E32:G32) -> 14.9 | D30: UN | E30: SHOPTIME | F30: MAGAZINE LUIZA | G30: A MEGALOJA | I30: MAT.
A31: =$A$11 -> Os preços cotados com data posteior a data base da estimativa orçamentária foram retroagidos utilizando a COL-19 da Planilha de Índice Nacional da Construção Civil (INCC). | C31: CONTATO | E31: www.shoptime.com.br | F31: www . Magazineluiza.com.br | G31: www.amegaloja.com.br | I31: MEDIANA | J31: 30% MAIOR | K31: 30%MENOR
C32: PREÇO | E32: 24.73 | F32: 18.24 | G32: 14.9 | I32: =MEDIAN(E32:G32) -> 18.24 | J32: =I32*1.3 -> 23.712 | K32: =I32*0.7 -> 12.768
A33: =$A$11 -> Os preços cotados com data posteior a data base da estimativa orçamentária foram retroagidos utilizando a COL-19 da Planilha de Índice Nacional da Construção Civil (INCC). | C33: ICC % | E33: ='[10]Reajustamento INCC'!$C$155 -> 1.0174762 | F33: ='[10]Reajustamento INCC'!$C$155 -> 1.0174762 | G33: ='[10]Reajustamento INCC'!$C$155 -> 1.0174762
C34: PREÇO REAJUSTADO | E34: =E32/E33 -> 24.305237 | F34: =F32/F33 -> 17.926709 | G34: =G32/G33 -> 14.644077
C35: MÊS - ICC | E35: OUT20 A NOV20 | F35: OUT20 A NOV20 | G35: OUT20 A NOV20
C36: CNPJ | E36: 00.776.574/0006-60 | F36: 47.960.950/1088-36 | G36: 07.424.991/0001-89
C37: TELEFONE | E37: (11) 4003-9898 | F37: 0800 773 3838 | G37: (11) 2394-2222
C38: DATA | E38: 44370 | F38: 44370 | G38: 44370
A40: COTAÇÃO-005 | B40: CHUMBADOR QUÍMICO ∅ 1/2" | C40: =MIN(E42:G42) -> 7.6 | D40: UN | E40: COSAMA | F40: PARAFUTRECOS | G40: CCP | I40: MAT.
A41: =$A$11 -> Os preços cotados com data posteior a data base da estimativa orçamentária foram retroagidos utilizando a COL-19 da Planilha de Índice Nacional da Construção Civil (INCC). | C41: CONTATO | E41: www.cosamapro.com.br | F41: www.parafutrecos.com.br | G41: www.ccpvirtual.com.br | I41: MEDIANA | J41: 30% MAIOR | K41: 30%MENOR
C42: PREÇO | E42: 13.54 | F42: 22.11 | G42: 7.6 | I42: =MEDIAN(E42:G42) -> 13.54 | J42: =I42*1.3 -> 17.602 | K42: =I42*0.7 -> 9.478
A43: =$A$11 -> Os preços cotados com data posteior a data base da estimativa orçamentária foram retroagidos utilizando a COL-19 da Planilha de Índice Nacional da Construção Civil (INCC). | C43: ICC % | E43: ='[10]Reajustamento INCC'!$C$155 -> 1.0174762 | F43: ='[10]Reajustamento INCC'!$C$155 -> 1.0174762 | G43: ='[10]Reajustamento INCC'!$C$155 -> 1.0174762
C44: PREÇO REAJUSTADO | E44: =E42/E43 -> 13.307436 | F44: =F42/F43 -> 21.730238 | G44: =G42/G43 -> 7.4694621
C45: MÊS - ICC | E45: OUT20 A NOV20 | F45: OUT20 A NOV20 | G45: OUT20 A NOV20
C46: CNPJ | E46: 67.200.618/0001-76 | F46: 01.486.915/0001-11 | G46: 30.000.593/0001-57
C47: TELEFONE | E47: (19) 3836-6868 | F47: 11 2394-2222 | G47: (11) 2026-6736
C48: DATA | E48: 44370 | F48: 44370 | G48: 44376
A50: COTAÇÃO-006 | B50: PARAFUSO ∅ 1/2" ASTM A 325 | C50: =MIN(E52:G52) -> 2.2462 | D50: UN | E50: PARAFUSO FACIL | F50: MEGA LOJISTA | G50: MAGAZINE LUIZA | I50: MAT.
A51: =$A$11 -> Os preços cotados com data posteior a data base da estimativa orçamentária foram retroagidos utilizando a COL-19 da Planilha de Índice Nacional da Construção Civil (INCC). | C51: CONTATO | E51: www.parafusofacil.com.br | F51: www.megalojista.com.br | G51: www.magazineluiza.com.br | I51: MEDIANA | J51: 30% MAIOR | K51: 30%MENOR
C52: PREÇO | E52: 6.58 | F52: =112.31/50 -> 2.2462 | G52: =162.38/50 -> 3.2476 | I52: =MEDIAN(E52:G52) -> 3.2476 | J52: =I52*1.3 -> 4.22188 | K52: =I52*0.7 -> 2.27332
A53: =$A$11 -> Os preços cotados com data posteior a data base da estimativa orçamentária foram retroagidos utilizando a COL-19 da Planilha de Índice Nacional da Construção Civil (INCC). | C53: ICC % | E53: ='[10]Reajustamento INCC'!$C$155 -> 1.0174762 | F53: ='[10]Reajustamento INCC'!$C$155 -> 1.0174762 | G53: ='[10]Reajustamento INCC'!$C$155 -> 1.0174762
C54: PREÇO REAJUSTADO | E54: =E52/E53 -> 6.4669817 | F54: =F52/F53 -> 2.2076192 | G54: =G52/G53 -> 3.1918191
C55: MÊS - ICC | E55: OUT20 A NOV20 | F55: OUT20 A NOV20 | G55: OUT20 A NOV20
C56: CNPJ | E56: 01.056.640/0001-86 | F56: 22.842.094/0001-89 | G56: 47.960.950/1088-36
C57: TELEFONE | E57: (47) 2107-5549 | F57: (11) 4680-4131 | G57: (11) 3508-9900
C58: DATA | E58: 44370 | F58: 44370 | G58: 44370
A60: COTAÇÃO-007 | B60: PORCA ∅ 1/2" ASTM A 563 | C60: =MIN(E62:G62) -> 0.32 | D60: UN | E60: PARAFUSO FACIL | F60: LOJA BRAFER | G60: BAZAR EFICAZ | I60: MAT.
A61: =$A$11 -> Os preços cotados com data posteior a data base da estimativa orçamentária foram retroagidos utilizando a COL-19 da Planilha de Índice Nacional da Construção Civil (INCC). | C61: CONTATO | E61: www.parafusofacil.com.br | F61: www.lojabrafer.com.br | G61: www.bazareficaz.com.br | I61: MEDIANA | J61: 30% MAIOR | K61: 30%MENOR
C62: PREÇO | E62: 3.01 | F62: 0.32 | G62: =1.9/5 -> 0.38 | I62: =MEDIAN(E62:G62) -> 0.38 | J62: =I62*1.3 -> 0.494 | K62: =I62*0.7 -> 0.266
A63: =$A$11 -> Os preços cotados com data posteior a data base da estimativa orçamentária foram retroagidos utilizando a COL-19 da Planilha de Índice Nacional da Construção Civil (INCC). | C63: ICC % | E63: ='[10]Reajustamento INCC'!$C$155 -> 1.0174762 | F63: ='[10]Reajustamento INCC'!$C$155 -> 1.0174762 | G63: ='[10]Reajustamento INCC'!$C$155 -> 1.0174762
C64: PREÇO REAJUSTADO | E64: =E62/E63 -> 2.9583001 | F64: =F62/F63 -> 0.31450367 | G64: =G62/G63 -> 0.3734731
C65: MÊS - ICC | E65: OUT20 A NOV20 | F65: OUT20 A NOV20 | G65: OUT20 A NOV20
C66: CNPJ | E66: 01.056.640/0001-86 | F66: 12.058.950/0001-56 | G66: 05.362.352/0001-00
C67: TELEFONE | E67: (47) 2107-5549 | F67: (48) 3658-0155 | G67: (21) 2143-2463
C68: DATA | E68: 44370 | F68: 44370 | G68: 44370
A70: COTAÇÃO-008 | B70: ARRUELA ∅ 1/2" ASTM F 844 | C70: =MIN(E72:G72) -> 0.1599 | D70: UN | E70: OBRA MAX | F70: SODIMAC | G70: CCP | I70: MAT.
A71: =$A$11 -> Os preços cotados com data posteior a data base da estimativa orçamentária foram retroagidos utilizando a COL-19 da Planilha de Índice Nacional da Construção Civil (INCC). | C71: CONTATO | E71: www.obramax.com.br | F71: www.sodimac.com.br | G71: www.ccpvirtual.com.br | I71: MEDIANA | J71: 30% MAIOR | K71: 30%MENOR
C72: PREÇO | E72: =79.95/500 -> 0.1599 | F72: =94.9/500 -> 0.1898 | G72: =52.03/100 -> 0.5203 | I72: =MEDIAN(E72:G72) -> 0.1898 | J72: =I72*1.3 -> 0.24674 | K72: =I72*0.7 -> 0.13286
A73: =$A$11 -> Os preços cotados com data posteior a data base da estimativa orçamentária foram retroagidos utilizando a COL-19 da Planilha de Índice Nacional da Construção Civil (INCC). | C73: ICC % | E73: ='[10]Reajustamento INCC'!$C$155 -> 1.0174762 | F73: ='[10]Reajustamento INCC'!$C$155 -> 1.0174762 | G73: ='[10]Reajustamento INCC'!$C$155 -> 1.0174762
C74: PREÇO REAJUSTADO | E74: =E72/E73 -> 0.15715355 | F74: =F72/F73 -> 0.18653999 | G74: =G72/G73 -> 0.51136331
C75: MÊS - ICC | E75: OUT20 A NOV20 | F75: OUT20 A NOV20 | G75: OUT20 A NOV20
C76: CNPJ | E76: 23.476.033/0001-08 | F76: 13.873.677/0001-37 | G76: 30.000.593/0001-57
C77: TELEFONE | E77: (11) 3003-3400 | F77: (11) 3004-5678 | G77: (11) 2026-6736
C78: DATA | E78: 44370 | F78: 44370 | G78: 44370
A80: COTAÇÃO-011 | B80: TINTA PARA ESTUTURA METÁLICA TIPO SUMATANE 355 HB S/B OU EQUIVALENTE - (POLIURETANO ACRÍLICO ALIFÁTICO DE ALTA ESPESSURA, BICOMPONENTE) - APLICAR 02 (DUAS) DEMÃOS COM 80 MICROMETROS DE PELÍCULA FINAL SECA | C80: =MIN(E82:G82) -> 58.166667 | D80: L | E80: POLITINTAS | F80: SERWIN WILLIANS | G80: TOP CORES | I80: MAT.
A81: =$A$11 -> Os preços cotados com data posteior a data base da estimativa orçamentária foram retroagidos utilizando a COL-19 da Planilha de Índice Nacional da Construção Civil (INCC). | C81: CONTATO | E81: FELIPE | F81: EDUARDO | G81: PAULO CÉSAR
C82: PREÇO | E82: =248.2/3.6 -> 68.944444 | F82: =209.4/3.6 -> 58.166667 | G82: =364.9/3.6 -> 101.36111
A83: =$A$11 -> Os preços cotados com data posteior a data base da estimativa orçamentária foram retroagidos utilizando a COL-19 da Planilha de Índice Nacional da Construção Civil (INCC). | C83: ICC % | E83: ='[10]Reajustamento INCC'!$C$155 -> 1.0174762 | F83: ='[10]Reajustamento INCC'!$C$155 -> 1.0174762 | G83: ='[10]Reajustamento INCC'!$C$155 -> 1.0174762
C84: PREÇO REAJUSTADO | E84: =E82/E83 -> 67.760252 | F84: =F82/F83 -> 57.167594 | G84: =G82/G83 -> 99.620129
C85: MÊS - ICC | E85: OUT20 A NOV20 | F85: OUT20 A NOV20 | G85: OUT20 A NOV20
C86: CNPJ | E86: 21171883/0014-73 | F86: 60.872.306/0016-46 | G86: 00.850.209/0001-44
C87: TELEFONE | E87: (61) 3627-2554 | F87: (62) 4008-9100 | G87: (51)3023-2002
C88: DATA | E88: 05/072021 | F88: 44384 | G88: 44384
A90: COTAÇÃO-012 | B90: DILUENTE PRA TINTA DE POLIURETANO ACRÍLICO ALIFÁTICO | C90: =MIN(E92:G92) -> 19.75 | D90: L | E90: FITZ TINTAS | F90: SERWIN WILLIANS | G90: TOP CORES | I90: MAT.
A91: =$A$11 -> Os preços cotados com data posteior a data base da estimativa orçamentária foram retroagidos utilizando a COL-19 da Planilha de Índice Nacional da Construção Civil (INCC). | C91: CONTATO | E91: www.fitztintas.com.br | F91: EDUARDO | G91: PAULO CÉSAR | I91: MEDIANA | J91: 30% MAIOR | K91: 30%MENOR
C92: PREÇO | E92: =355.5/18 -> 19.75 | F92: =157.76/5 -> 31.552 | G92: =145/5 -> 29 | I92: 0.5492 | J92: 0.71396 | K92: 0.38444
A93: =$A$11 -> Os preços cotados com data posteior a data base da estimativa orçamentária foram retroagidos utilizando a COL-19 da Planilha de Índice Nacional da Construção Civil (INCC). | C93: ICC % | E93: ='[10]Reajustamento INCC'!$C$155 -> 1.0174762 | F93: ='[12]Reajustamento INCC'!$C$155 -> 1.0174762 | G93: ='[10]Reajustamento INCC'!$C$155 -> 1.0174762
C94: PREÇO REAJUSTADO | E94: =E92/E93 -> 19.410773 | F94: =F92/F93 -> 31.010062 | G94: =G92/G93 -> 28.501895
C95: MÊS - ICC | E95: OUT20 A NOV20 | F95: OUT20 A NOV20 | G95: OUT20 A NOV20
C96: CNPJ | E96: 89.137.046/0001-60 | F96: 60.872.306/0016-46 | G96: 00.850.209/0001-44
C97: TELEFONE | E97: (55) 3359-1521 | F97: (62) 4008-9100 | G97: (51)3023-2002
C98: DATA | E98: 44379 | F98: 44384 | G98: 44384
A100: COTAÇÃO-013 | B100: REMOVEDOR DE TINTA ÓLEO ESMALTE VERNIZ | C100: =MIN(E102:G102) -> 34.9 | D100: L | E100: OBRA MAX | F100: COPAFER | G100: LEROY MERLIN | I100: MAT.
C101: CONTATO | E101: www.obramax.com.br | F101: www.copafer.com.br | G101: www.leroymerlin.com.br | I101: MEDIANA | J101: 30% MAIOR | K101: 30%MENOR
C102: PREÇO | E102: 34.9 | F102: 35.01 | G102: 47.9 | I102: 0.5492 | J102: 0.71396 | K102: 0.38444
C103: ICC % | E103: ='[10]Reajustamento INCC'!$C$155 -> 1.0174762 | F103: ='[10]Reajustamento INCC'!$C$155 -> 1.0174762 | G103: ='[10]Reajustamento INCC'!$C$155 -> 1.0174762
C104: PREÇO REAJUSTADO | E104: =E102/E103 -> 34.300556 | F104: =F102/F103 -> 34.408667 | G104: =G102/G103 -> 47.077268
C105: MÊS - ICC | E105: OUT20 A NOV20 | F105: OUT20 A NOV20 | G105: OUT20 A NOV20
C106: CNPJ | E106: 23.476.033/0001-08 | F106: 55.728.224/0001-06 | G106: 01.438.784/0048-60
C107: TELEFONE | E107: (11) 3003-3400 | F107: (11)4996-6000 | G107: (11) 4007-1380
C108: DATA | E108: 44375 | F108: 44375 | G108: 44375
A111: COTAÇÃO-014 | B111: MOBILIZAÇÃO E DESMOBILIZAÇÃO DE CONTAINER MARÍTIMO/CANTEIRO | C111: =MIN(E113:G113) -> 730 | D111: UN | E111: MEHTA CONTAINERS | F111: MUNCK S TREVO | G111: CESAR CONTAINERS E EQUIPAMENTOS EIRELI | I111: MAT. | J111: 30% MAIOR | K111: 30%MENOR
A112: =$A$11 -> Os preços cotados com data posteior a data base da estimativa orçamentária foram retroagidos utilizando a COL-19 da Planilha de Índice Nacional da Construção Civil (INCC). | C112: CONTATO | E112: NATHÁLIA | F112: GILVAN | G112: LÍVIA | I112: MEDIANA | J112: =I113*1.3 -> #NUM! | K112: =I113*0.7 -> #NUM!
C113: PREÇO | E113: 730 | F113: =600+600 -> 1200 | G113: =6600/3 -> 2200 | I113: =MEDIAN(E112:G112) -> #NUM!
...

Sheet 074-19-CRO
B2: GOVERNO DO DISTRITO FEDERAL
B3: SECRETARIA DE ESTADO DE INFRAESTRUTURA E SERVIÇOS PÚBLICOS
B4: COMPANHIA URBANIZADORA DA NOVA CAPITAL DO BRASIL
B5: CRONOGRAMA FISICO FINANCEIRO
B6: Nº ESTIMATIVA PRINCIPAL: | C6: ='074-19-CCU''s'!C6 -> 074/2019-SEORÇA-SDS-R02 | G6: DATA: | H6: ='074-19-CAPA'!C20 -> 44386
B7: TÍTULO: | C7: ='074-19-CCU''s'!C7 -> REFORMA DA CRECHE NÚCLEO RURAL JARDIM II | E7: Nº PROJETO: | F7: PROJ-DE 125-18 | G7: TAB. REF.: | H7: ='074.01-19-Edificação'!J9 -> SINAPI MAI 2021
B8: ENCARGOS TRABALHISTAS: | C8: ='074.01-19-Edificação'!D9 -> horista=113,69% / mensalista=73,06% | E8: B.D.I. : | F8: 20,94% (obra)
B11: CÓDIGO | C11: DESCRIÇÃO DOS SERVIÇOS | E11: TOTAL DA ETAPA (COM BDI) | F11: DIAS 1 A 30 | G11: DIAS 31 A 60 | H11: DIAS 61 A 90
B12: 01.00.000 | C12: SERVIÇOS TÉCNICOS PROFISSIONAIS | D12: =E12/$E$45 -> 0.00066024273 | E12: ='074.01-19-Edificação'!J17 -> 291.24771 | F12: 1 | O12: =SUM(F12:M12) -> 1
F14: =$E$12*F12 -> 291.24771 | O14: =SUM(F14:M14) -> 291.24771
B15: 02.00.000 | C15: SERVIÇOS PRELIMINARES | D15: =E15/$E$45 -> 0.15482306 | E15: ='074.01-19-Edificação'!J58 -> 68295.883 | F15: 0.95 | H15: 0.05 | O15: =SUM(F15:M15) -> 1
F17: =$E$15*F15 -> 64881.089 | H17: =$E$15*H15 -> 3414.7941 | O17: =SUM(F17:M17) -> 68295.883
B18: 03.00.000 | C18: FUNDAÇÕES E ESTRUTURA | D18: =E18/$E$45 -> 0.052687928 | E18: ='074.01-19-Edificação'!J144 -> 23241.813 | F18: 1 | O18: =SUM(F18:M18) -> 1
F20: =$E$18*F18 -> 23241.813 | O20: =SUM(F20:M20) -> 23241.813
B21: 04.00.000 | C21: ARQUITETURA E ELEMENTOS DE URBANISMO | D21: =E21/$E$45 -> 0.45181252 | E21: ='074.01-19-Edificação'!J270 -> 199304.52 | F21: 0.3 | G21: 0.5 | H21: 0.2 | O21: =SUM(F21:M21) -> 1
B22: 04.01.100
F23: =$E$21*F21 -> 59791.356 | G23: =$E$21*G21 -> 99652.261 | H23: =$E$21*H21 -> 39860.904 | O23: =SUM(F23:M23) -> 199304.52
B24: 05.00.000 | C24: INSTALAÇÕES HIDRÁULICAS E SANITÁRIAS | D24: =E24/$E$45 -> 0.089217046 | E24: ='074.01-19-Edificação'!J347 -> 39355.617 | F24: 0.2 | G24: 0.6 | H24: 0.2 | O24: =SUM(F24:M24) -> 1
F26: =$E$24*F24 -> 7871.1234 | G26: =$E$24*G24 -> 23613.37 | H26: =$E$24*H24 -> 7871.1234 | O26: =SUM(F26:M26) -> 39355.617
B27: 06.00.000 | C27: INSTALAÇÕES ELÉTRICAS E ELETRÔNICAS | D27: =E27/$E$45 -> 0.063412687 | E27: ='074.01-19-Edificação'!J407 -> 27972.742 | F27: 0.2 | G27: 0.65 | H27: 0.15 | O27: =SUM(F27:M27) -> 1
F29: =$E$27*F27 -> 5594.5484 | G29: =$E$27*G27 -> 18182.282 | H29: =$E$27*H27 -> 4195.9113 | O29: =SUM(F29:M29) -> 27972.742
B30: 07.00.000 | C30: INSTALAÇÕES MECÂNICAS E DE UTILIDADES | D30: =E30/$E$45 -> 0 | O30: =SUM(F30:M30) -> 0
O31: =SUM(F31:M31) -> 0
O32: =SUM(F32:M32) -> 0
B33: 08.00.000 | C33: INSTALAÇÕES DE PREVENÇÃO E COMBATE À INCÊNDIO | D33: =E33/$E$45 -> 0 | O33: =SUM(F33:M33) -> 0
O34: =SUM(F34:M34) -> 0
O35: =SUM(F35:M35) -> 0
B36: 08.00.000 | C36: INSTALAÇÕES DE PREVENÇÃO E COMBATE A INCÊNDIO | D36: =E36/$E$45 -> 0.0016484629 | E36: ='074.01-19-Edificação'!J420 -> 727.17352 | H36: 1 | O36: =SUM(F36:M36) -> 1
O37: =SUM(F37:M37) -> 0
H38: =$E$36*H36 -> 727.17352 | O38: =SUM(F38:M38) -> 727.17352
B39: 9.00.000 | C39: SERVIÇOS COMPLEMENTARES | D39: =E39/$E$45 -> 0.016488601 | E39: ='074.01-19-Edificação'!J435 -> 7273.4875 | F39: 0.35 | G39: 0.35 | H39: 0.3 | O39: =SUM(F39:M39) -> 1
O40: =SUM(F40:M40) -> 0
F41: =$E$39*F39 -> 2545.7206 | G41: =$E$39*G39 -> 2545.7206 | H41: =$E$39*H39 -> 2182.0462 | O41: =SUM(F41:M41) -> 7273.4875
B42: 10.00.000 | C42: SERVIÇOS AUXILIARES E ADMINISTRATIVOS | D42: =E42/$E$45 -> 0.16924945 | E42: ='074.01-19-Edificação'!J450 -> 74659.686 | F42: =F51 -> 0.4481138 | G42: =G51 -> 0.39292872 | H42: =H51 -> 0.15895748 | O42: =SUM(F42:M42) -> 1
O43: =SUM(F43:M43) -> 0
F44: =$E$42*F42 -> 33456.036 | G44: =$E$42*G42 -> 29335.935 | H44: =$E$42*H42 -> 11867.715 | O44: =SUM(F44:M44) -> 74659.686
C45: PERCENTUAL MENSAL (%) | E45: =SUM(E12:E44) -> 441122.17 | F45: =F46/$E45 -> 0.4481138 | G45: =G46/$E45 -> 0.39292872 | H45: =H46/$E45 -> 0.15895748
C46: VALOR MENSAL (R$) | F46: =F14+F17+F20+F23+F26+F29+F32+F35+F38+F41+F44 -> 197672.93 | G46: =G14+G17+G20+G23+G26+G29+G32+G35+G38+G41+G44 -> 173329.57 | H46: =H14+H17+H20+H23+H26+H29+H32+H35+H38+H41+H44 -> 70119.668
C47: PERCENTUAL ACUMULADO (%) | F47: =F45 -> 0.4481138 | G47: =G45+F47 -> 0.84104252 | H47: =H45+G47 -> 1
C48: VALOR ACUMULADO (R$) | F48: =F46 -> 197672.93 | G48: =G46+F48 -> 371002.5 | H48: =H46+G48 -> 441122.17
F51: =(F14+F17+F20+F23+F26+F29+F38+F41)/($E$12+$E$15+$E$18+$E$21+$E$24+$E$27+$E$36+$E$39) -> 0.4481138 | G51: =(G14+G17+G20+G23+G26+G29+G38+G41)/($E$12+$E$15+$E$18+$E$21+$E$24+$E$27+$E$36+$E$39) -> 0.39292872 | H51: =(H14+H17+H20+H23+H26+H29+H38+H41)/($E$12+$E$15+$E$18+$E$21+$E$24+$E$27+$E$36+$E$39) -> 0.15895748
C55: ENG. ÉDNUM ALMEIDA RIBEIRO CREA 22.359/D-PE ART: 0720190083904 MAT: 273.941-0 | G55: Arq.JANINE ALVES COSTA CAU: A53120-0 RRT: 0000009032523 MAT: 973073-7
E58: ='074-19-CAPA'!D32 -> 441122.17

Sheet 074-19-ABC
A2: GOVERNO DO DISTRITO FEDERAL
A3: SECRETARIA DE ESTADO DE INFRAESTRUTURA E SERVIÇOS PÚBLICOS
A4: COMPANHIA URBANIZADORA DA NOVA CAPITAL DO BRASIL
A5: PLANILHA ESTIMATIVA
A6: Nº ESTIMATIVA PARCIAL: | B6: ='074-19-CCU''s'!C6 -> 074/2019-SEORÇA-SDS-R02 | I6: DATA: | J6: ='074-19-CAPA'!C20 -> 44386
A7: NOME ESTIMATIVA PARCIAL: | B7: REFORMA DA CRECHE NÚCLEO RURAL JARDIM II | I7: Nº PROJETO: | J7: PROJ-DE 125-18
A8: ENDEREÇO: | B8: NÚCLEO RURAL JARDIM, DF 285, PARANOÁ, DF | I8: ÁREA: | J8: 257,64 m²
A9: ENCARGOS TRABALHISTAS: | B9: horista=113,69% / mensalista=73,06% | G9: B.D.I. : | H9: 20,94% | I9: TAB. REF.: | J9: SINAPI mai 2021
A11: CÓDIGO | B11: DESCRIÇÃO | C11: UNID. | D11: QUANT. | E11: CUSTO UNITÁRIO (R$) | F11: BDI | G11: PREÇO UNITÁRIO (R$) C/ BDI | H11: PREÇO TOTAL (R$) C/ BDI | I11: % SIMPLES DO ITEM | J11: % ACUMULADO DO ITEM
A12: CCU - 10.004 | B12: ADMINISTRAÇÃO LOCAL - CONTENDO (1 ENGENHEIRO, 1 ENCARREGADO E POSTO DE VIGIA) | C12: UN | D12: 1 | E12: 60437.94 | F12: 20,94% | G12: 73093.645 | H12: 73093.645 | I12: 0.16569932 | J12: 0.16569932 | K12: =$H$259 -> 441122.17 | L12: ='074-19-CAPA'!$D$32 -> 441122.17 | R12: =G12*D12 -> 73093.645
A13: 94218 | B13: TELHAMENTO COM TELHA ESTRUTURAL DE FIBROCIMENTO E= 8 MM, COM ATÉ 2 ÁGUAS, INCLUSO IÇAMENTO. AF_07/2019_P | C13: M2 | D13: 252.6 | E13: 92,50 | F13: 20,94% | G13: 111.8695 | H13: 28258.236 | I13: 0.064059885 | J13: 0.22975921 | K13: =$H$259 -> 441122.17 | L13: ='074-19-CAPA'!$D$32 -> 441122.17 | R13: =G13*D13 -> 28258.236
A14: 98459 | B14: TAPUME COM TELHA METÁLICA. AF_05/2018 | C14: M2 | D14: 155.804 | E14: 106,71 | F14: 20,94% | G14: 129.05507 | H14: 20107.297 | I14: 0.045582149 | J14: 0.27534136 | K14: =$H$259 -> 441122.17 | L14: ='074-19-CAPA'!$D$32 -> 441122.17 | R14: =G14*D14 -> 20107.297
A15: 96114 | B15: FORRO EM DRYWALL, PARA AMBIENTES COMERCIAIS, INCLUSIVE ESTRUTURA DE FIXAÇÃO. AF_05/2017_P | C15: M2 | D15: 236.2 | E15: 59,40 | F15: 20,94% | G15: 71.83836 | H15: 16968.221 | I15: 0.038466034 | J15: 0.31380739 | K15: =$H$259 -> 441122.17 | L15: ='074-19-CAPA'!$D$32 -> 441122.17
A16: CCU - 04.011 | B16: GRADIL PARA FIXAÇÃO EM CONCRETO - INCLUSO (SISTEMA CERCAMENTO MALHA 5 X 20 CM FIO 4,30 MM ALT. 2,03 M), (MONTANTE, TUBO 60 X 40 X 1,25 MM, GALVANIZADO + PINTURA ELETROSTATICA EM PLOLIÉSTER, COR BRANCA, MEDINDO 2,60 M - PARA FIXAÇÃO NO SOLO C/ ESCAVAÇÃO, EM VÃO, COM CONCRETO), (TAMPA DO MONTANTE 60 X 40) E (FIXADOR DE SEGURANÇA (FIXADOR + PARAFUSO + ARRUELA)). | C16: M2 | D16: 75.06 | E16: 184.38078 | F16: 20,94% | G16: 222.99011 | H16: 16737.638 | I16: 0.037943316 | J16: 0.35175071 | K16: =$H$259 -> 441122.17 | L16: ='074-19-CAPA'!$D$32 -> 441122.17
A17: COTAÇÃO-005.03 | B17: RESERVATÓRIO TUBULAR METÁLICO, DIÂMETRO: ∅ 1.11M, ALTURA 5,40M, VOLUME: 5.000 L | C17: UN | D17: 1 | E17: 12130 | F17: 20,94% | G17: 14670.022 | H17: 14670.022 | I17: 0.033256143 | J17: 0.38500685 | K17: =$H$259 -> 441122.17 | L17: ='074-19-CAPA'!$D$32 -> 441122.17
A18: 100761 | B18: PINTURA COM TINTA ALQUÍDICA DE ACABAMENTO (ESMALTE SINTÉTICO FOSCO) PULVERIZADA SOBRE SUPERFÍCIES METÁLICAS (EXCETO PERFIL) EXECUTADO EM OBRA (02 DEMÃOS). AF_01/2020_P | C18: M2 | D18: 287.79 | E18: 39,55 | F18: 20,94% | G18: 47.83177 | H18: 13765.505 | I18: 0.031205652 | J18: 0.4162125 | K18: =$H$259 -> 441122.17 | L18: ='074-19-CAPA'!$D$32 -> 441122.17
A19: CCU - 04.007 | B19: JF01 297 x 140 cm - 04 FOLHAS - 02 FIXAS / VENEZIANA METÁLICA | C19: UN | D19: 1 | E19: 8547.4744 | F19: 20,94% | G19: 10337.316 | H19: 10337.316 | I19: 0.023434133 | J19: 0.43964664 | K19: =$H$259 -> 441122.17 | L19: ='074-19-CAPA'!$D$32 -> 441122.17
A20: 93210 | B20: EXECUÇÃO DE REFEITÓRIO EM CANTEIRO DE OBRA EM CHAPA DE MADEIRA COMPENSADA, NÃO INCLUSO MOBILIÁRIO E EQUIPAMENTOS. AF_02/2016 | C20: M2 | D20: 15.48 | E20: 518,84 | F20: 20,94% | G20: 627.4851 | H20: 9713.4693 | I20: 0.022019907 | J20: 0.46166654 | K20: =$H$259 -> 441122.17 | L20: ='074-19-CAPA'!$D$32 -> 441122.17
A21: 88489 | B21: APLICAÇÃO MANUAL DE PINTURA COM TINTA LÁTEX ACRÍLICA EM PAREDES, DUAS DEMÃOS. AF_06/2014 | C21: M2 | D21: 599.33 | E21: 12,64 | F21: 20,94% | G21: 15.286816 | H21: 9161.8474 | I21: 0.02076941 | J21: 0.48243595 | K21: =$H$259 -> 441122.17 | L21: ='074-19-CAPA'!$D$32 -> 441122.17
A22: 88496 | B22: APLICAÇÃO E LIXAMENTO DE MASSA LÁTEX EM TETO, DUAS DEMÃOS. AF_06/2014 | C22: M2 | D22: 236.2 | E22: 25,03 | F22: 20,94% | G22: 30.271282 | H22: 7150.0768 | I22: 0.016208836 | J22: 0.49864479 | K22: =$H$259 -> 441122.17 | L22: ='074-19-CAPA'!$D$32 -> 441122.17
A23: CCU - 04.014 | B23: PISO VINÍLICO SEMI-FLEXÍVEL EM PLACAS, PADRÃO LISO, FIXADO COM COLA. | C23: M2 | D23: 36.21 | E23: 155.65065 | F23: 20,94% | G23: 188.2439 | H23: 6816.3115 | I23: 0.015452208 | J23: 0.514097 | K23: =$H$259 -> 441122.17 | L23: ='074-19-CAPA'!$D$32 -> 441122.17
A24: 91926 | B24: CABO DE COBRE FLEXÍVEL ISOLADO, 2,5 MM², ANTI-CHAMA 450/750 V, PARA CIRCUITOS TERMINAIS - FORNECIMENTO E INSTALAÇÃO. AF_12/2015 | C24: M | D24: 1344.24 | E24: 4,07 | F24: 20,94% | G24: 4.922258 | H24: 6616.6961 | I24: 0.014999691 | J24: 0.52909669 | K24: =$H$259 -> 441122.17 | L24: ='074-19-CAPA'!$D$32 -> 441122.17
A25: 87529 | B25: MASSA ÚNICA, PARA RECEBIMENTO DE PINTURA, EM ARGAMASSA TRAÇO 1:2:8, PREPARO MECÂNICO COM BETONEIRA 400L, APLICADA MANUALMENTE EM FACES INTERNAS DE PAREDES, ESPESSURA DE 20MM, COM EXECUÇÃO DE TALISCAS. AF_06/2014 | C25: M2 | D25: 171.36 | E25: 31,38 | F25: 20,94% | G25: 37.950972 | H25: 6503.2786 | I25: 0.014742579 | J25: 0.54383927 | K25: =$H$259 -> 441122.17 | L25: ='074-19-CAPA'!$D$32 -> 441122.17
A26: CCU - 04.025 | B26: PAREDE EM PLACA DE GESSO ACARTONADO 12,5MM RESISTENTE A FOGO | C26: M2 | D26: 61.02 | E26: 84.533272 | F26: 20,94% | G26: 102.23454 | H26: 6238.3516 | I26: 0.014142004 | J26: 0.55798127 | K26: =$H$259 -> 441122.17 | L26: ='074-19-CAPA'!$D$32 -> 441122.17
A27: Tabela de consumo | B27: CONSUMO DE INTERNET, TELEFONE, ÁGUA, ESGOTO E ENERGIA | C27: MÊS | D27: 3 | E27: 1679.5517 | F27: 20,94% | G27: 2031.2498 | H27: 6093.7494 | I27: 0.013814199 | J27: 0.57179547 | K27: =$H$259 -> 441122.17 | L27: ='074-19-CAPA'!$D$32 -> 441122.17
A28: 93214 | B28: EXECUÇÃO DE RESERVATÓRIO ELEVADO DE ÁGUA (1000 LITROS) EM CANTEIRO DE OBRA, APOIADO EM ESTRUTURA DE MADEIRA. AF_02/2016 | C28: UN | D28: 1 | E28: 4.794,11 | F28: 20,94% | G28: 5797.9966 | H28: 5797.9966 | I28: 0.013143743 | J28: 0.58493921 | K28: =$H$259 -> 441122.17 | L28: ='074-19-CAPA'!$D$32 -> 441122.17
A29: CCU - 09.003 | B29: LIMPEZA PERMANENTE | C29: MÊS | D29: 3 | E29: 1549.68 | F29: 20,94% | G29: 1874.183 | H29: 5622.549 | I29: 0.012746013 | J29: 0.59768523 | K29: =$H$259 -> 441122.17 | L29: ='074-19-CAPA'!$D$32 -> 441122.17
A30: CCU - 02.002 | B30: PLACA DE OBRA EM CHAPA DE ACO GALVANIZADO | C30: M² | D30: 14.4 | E30: 319.2345 | F30: 20,94% | G30: 386.0822 | H30: 5559.5837 | I30: 0.012603274 | J30: 0.6102885 | K30: =$H$259 -> 441122.17 | L30: ='074-19-CAPA'!$D$32 -> 441122.17
A31: CCU - 04.016 | B31: RODAPÉ EVA ECO FLEXÍVEL AUTOCOLANTE 10MMX8CM METRO | C31: M | D31: 131.27 | E31: 29.43742 | F31: 20,94% | G31: 35.601616 | H31: 4673.4241 | I31: 0.010594399 | J31: 0.6208829 | K31: =$H$259 -> 441122.17 | L31: ='074-19-CAPA'!$D$32 -> 441122.17
A32: 91314 | B32: KIT DE PORTA DE MADEIRA PARA PINTURA, SEMI-OCA (LEVE OU MÉDIA), PADRÃO POPULAR, 80X210CM, ESPESSURA DE 3,5CM, ITENS INCLUSOS: DOBRADIÇAS, MONTAGEM E INSTALAÇÃO DO BATENTE, FECHADURA COM EXECUÇÃO DO FURO - FORNECIMENTO E INSTALAÇÃO. AF_12/2019 | C32: UN | D32: 5 | E32: 758,75 | F32: 20,94% | G32: 917.63225 | H32: 4588.1613 | I32: 0.010401112 | J32: 0.63128401 | K32: =$H$259 -> 441122.17 | L32: ='074-19-CAPA'!$D$32 -> 441122.17
A33: 39362 | B33: FOSSA SEPTICA, SEM FILTRO, PARA 8 A 14 CONTRIBUINTES, CILINDRICA, COM TAMPA, EM POLIETILENO DE ALTA DENSIDADE (PEAD), CAPACIDADE APROXIMADA DE 3000 LITROS (NBR 7229) | C33: UN | D33: 1 | E33: 3.638,57 | F33: 20,94% | G33: 4400.4866 | H33: 4400.4866 | I33: 0.009975664 | J33: 0.64125968 | K33: =$H$259 -> 441122.17 | L33: ='074-19-CAPA'!$D$32 -> 441122.17
A34: 101747 | B34: PISO EM CONCRETO 20 MPA PREPARO MECÂNICO, ESPESSURA 7CM. AF_09/2020 | C34: M2 | D34: 61.3 | E34: 59,24 | F34: 20,94% | G34: 71.644856 | H34: 4391.8297 | I34: 0.0099560393 | J34: 0.65121571 | K34: =$H$259 -> 441122.17 | L34: ='074-19-CAPA'!$D$32 -> 441122.17
A35: 88488 | B35: APLICAÇÃO MANUAL DE PINTURA COM TINTA LÁTEX ACRÍLICA EM TETO, DUAS DEMÃOS. AF_06/2014 | C35: M2 | D35: 242.29 | E35: 14,41 | F35: 20,94% | G35: 17.427454 | H35: 4222.4978 | I35: 0.0095721732 | J35: 0.66078789 | K35: =$H$259 -> 441122.17 | L35: ='074-19-CAPA'!$D$32 -> 441122.17
A36: CCU - 04.010 | B36: GR 03 285 x 210 CM-02 FOLHAS - DE ABRIR EM GRADIL METÁLICO ENRIJECIDO-FORNECIMENTO E INSTALAÇÃO | C36: UN | D36: 1 | E36: 3346.3381 | F36: 20,94% | G36: 4047.0613 | H36: 4047.0613 | I36: 0.0091744681 | J36: 0.66996236 | K36: =$H$259 -> 441122.17 | L36: ='074-19-CAPA'!$D$32 -> 441122.17
A37: CCU - 04.015 | B37: Piso IMPACT SOFT DUPLO T20 - 20mm | C37: M2 | D37: 18.92 | E37: 164.5767 | F37: 20,94% | G37: 199.03906 | H37: 3765.819 | I37: 0.0085369072 | J37: 0.67849926 | K37: =$H$259 -> 441122.17 | L37: ='074-19-CAPA'!$D$32 -> 441122.17
A38: CCU - 04.002 | B38: PF3 2,97X2,10 -02 FOLHAS DE CORRER - PORTA DE VIDRO TEMPERADO INCOLOR- FORNECIMENTO E INSTALAÇÃO | C38: UN | D38: 2 | E38: 1550.0816 | F38: 20,94% | G38: 1874.6687 | H38: 3749.3374 | I38: 0.0084995442 | J38: 0.68699881 | K38: =$H$259 -> 441122.17 | L38: ='074-19-CAPA'!$D$32 -> 441122.17
A39: CCU - 03.005 | B39: ESTRUTURA METALICA EM PERFIL "U" (CHAPA DOBRADA) 127x50x2,25x17 mm | C39: KG | D39: 188.44 | E39: 15.397653 | F39: 20,94% | G39: 18.621922 | H39: 3509.1149 | I39: 0.0079549729 | J39: 0.69495378 | K39: =$H$259 -> 441122.17 | L39: ='074-19-CAPA'!$D$32 -> 441122.17
A40: CCU - 04.020 | B40: BACIA INFANTIL COM CAIXA ACOPLADA, COR BRANCO GELO, COD 87784375M MARCA CELITE OU EQUIVALENTE TECNICO | C40: UN | D40: 3 | E40: 959.16318 | F40: 20,94% | G40: 1160.012 | H40: 3480.0359 | I40: 0.0078890523 | J40: 0.70284283 | K40: =$H$259 -> 441122.17 | L40: ='074-19-CAPA'!$D$32 -> 441122.17
A41: 102166 | B41: INSTALAÇÃO DE VIDRO LISO INCOLOR, E = 6 MM, EM ESQUADRIA DE ALUMÍNIO OU PVC, FIXADO COM BAGUETE. AF_01/2021_P | C41: M2 | D41: 12.88 | E41: 220.49 | F41: 20,94% | G41: 266.66061 | H41: 3434.5886 | I41: 0.0077860258 | J41: 0.71062886 | K41: =$H$259 -> 441122.17 | L41: ='074-19-CAPA'!$D$32 -> 441122.17
A42: CCU - 05.010 | B42: CAIXA ENTERRADA HIDRÁULICA RETANGULAR EM ALVENARIA COM TIJOLOS CERÂMICOS MACIÇOS, DIMENSÕES INTERNAS: 1,20X1,20X1,30M PARA REDE DE DRENAGEM. AF_05/2018 | C42: UN | D42: 1 | E42: 2764.8772 | F42: 20,94% | G42: 3343.8424 | H42: 3343.8424 | I42: 0.0075803092 | J42: 0.71820917 | K42: =$H$259 -> 441122.17 | L42: ='074-19-CAPA'!$D$32 -> 441122.17
A43: 91315 | B43: KIT DE PORTA DE MADEIRA PARA PINTURA, SEMI-OCA (LEVE OU MÉDIA), PADRÃO POPULAR, 90X210CM, ESPESSURA DE 3,5CM, ITENS INCLUSOS: DOBRADIÇAS, MONTAGEM E INSTALAÇÃO DO BATENTE, FECHADURA COM EXECUÇÃO DO FURO - FORNECIMENTO E INSTALAÇÃO. AF_12/2019 | C43: UN | D43: 3 | E43: 820,87 | F43: 20,94% | G43: 992.76018 | H43: 2978.2805 | I43: 0.0067516002 | J43: 0.72496077 | K43: =$H$259 -> 441122.17 | L43: ='074-19-CAPA'!$D$32 -> 441122.17
A44: 87271 | B44: REVESTIMENTO CERÂMICO PARA PAREDES INTERNAS COM PLACAS TIPO ESMALTADA EXTRA DE DIMENSÕES 25X35 CM APLICADAS EM AMBIENTES DE ÁREA MAIOR QUE 5 M² A MEIA ALTURA DAS PAREDES. AF_06/2014 | C44: M2 | D44: 40.98 | E44: 59,62 | F44: 20,94% | G44: 72.104428 | H44: 2954.8395 | I44: 0.0066984605 | J44: 0.73165923 | K44: =$H$259 -> 441122.17 | L44: ='074-19-CAPA'!$D$32 -> 441122.17
A45: CCU - 03.001 | B45: ESTACA BROCA DE CONCRETO, DIÃMETRO DE 25 CM, ESCAVAÇÃO MANUAL COM TRADO CONCHA, NÃO ARMADA. AF_03/2018 | C45: M | D45: 28 | E45: 85.72804 | F45: 20,94% | G45: 103.67949 | H45: 2903.0258 | I45: 0.0065810017 | J45: 0.73824023 | K45: =$H$259 -> 441122.17 | L45: ='074-19-CAPA'!$D$32 -> 441122.17
A46: 88497 | B46: APLICAÇÃO E LIXAMENTO DE MASSA LÁTEX EM PAREDES, DUAS DEMÃOS. AF_06/2014 | C46: M2 | D46: 171.36 | E46: 13,73 | F46: 20,94% | G46: 16.605062 | H46: 2845.4434 | I46: 0.0064504657 | J46: 0.7446907 | K46: =$H$259 -> 441122.17 | L46: ='074-19-CAPA'!$D$32 -> 441122.17
A47: COTAÇÃO-005.01 | B47: ECOFOSSA 1500 L | C47: UN | D47: 1 | E47: 2350 | F47: 20,94% | G47: 2842.09 | H47: 2842.09 | I47: 0.0064428636 | J47: 0.75113356 | K47: =$H$259 -> 441122.17 | L47: ='074-19-CAPA'!$D$32 -> 441122.17
A48: CCU - 02.001 | B48: LIGAÇÃO PROVISÓRIA DE ÁGUA PARA OBRA E INSTALAÇÃO SANITÁRIA PROVISÓRIA - INSTALAÇÃO MÍNIMA | C48: UN | D48: 1 | E48: 2252.9132 | F48: 20,94% | G48: 2724.6732 | H48: 2724.6732 | I48: 0.0061766862 | J48: 0.75731025 | K48: =$H$259 -> 441122.17 | L48: ='074-19-CAPA'!$D$32 -> 441122.17
A49: 10779 | B49: LOCACAO DE CONTAINER 2,30 X 4,30 M, ALT. 2,50 M, P/ SANITARIO, C/ 5 BACIAS, 1 LAVATORIO E 4 MICTORIOS | C49: MES | D49: 3 | E49: 731,25 | F49: 20,94% | G49: 884.37375 | H49: 2653.1213 | I49: 0.0060144818 | J49: 0.76332473 | K49: =$H$259 -> 441122.17 | L49: ='074-19-CAPA'!$D$32 -> 441122.17
A50: COTAÇÃO-014 | B50: MOBILIZAÇÃO E DESMOBILIZAÇÃO DE CONTAINER MARÍTIMO/CANTEIRO | C50: UN | D50: 3 | E50: 730 | F50: 20,94% | G50: 882.862 | H50: 2648.586 | I50: 0.0060042006 | J50: 0.76932893 | K50: =$H$259 -> 441122.17 | L50: ='074-19-CAPA'!$D$32 -> 441122.17
A51: 87630 | B51: CONTRAPISO EM ARGAMASSA TRAÇO 1:4 (CIMENTO E AREIA), PREPARO MECÂNICO COM BETONEIRA 400 L, APLICADO EM ÁREAS SECAS SOBRE LAJE, ADERIDO, ESPESSURA 3CM. AF_06/2014 | C51: M2 | D51: 58.45 | E51: 36,15 | F51: 20,94% | G51: 43.71981 | H51: 2555.4229 | I51: 0.0057930049 | J51: 0.77512193 | K51: =$H$259 -> 441122.17 | L51: ='074-19-CAPA'!$D$32 -> 441122.17
A52: COTAÇÃO-005.02 | B52: FILTRO ECOFOSSA 1000 LITROS | C52: UN | D52: 1 | E52: 1900 | F52: 20,94% | G52: 2297.86 | H52: 2297.86 | I52: 0.0052091238 | J52: 0.78033106 | K52: =$H$259 -> 441122.17 | L52: ='074-19-CAPA'!$D$32 -> 441122.17
A53: CCU - 06.013 | B53: QUADRO DE DISTRIBUIÇÃO - QDG | C53: UN | D53: 1 | E53: 1820.1 | F53: 20,94% | G53: 2201.2289 | H53: 2201.2289 | I53: 0.0049900664 | J53: 0.78532112 | K53: =$H$259 -> 441122.17 | L53: ='074-19-CAPA'!$D$32 -> 441122.17
A54: 95749 | B54: ELETRODUTO DE AÇO GALVANIZADO, CLASSE LEVE, DN 20 MM (3/4), APARENTE, INSTALADO EM PAREDE - FORNECIMENTO E INSTALAÇÃO. AF_11/2016_P | C54: M | D54: 73.69 | E54: 24,46 | F54: 20,94% | G54: 29.581924 | H54: 2179.892 | I54: 0.0049416967 | J54: 0.79026282 | K54: =$H$259 -> 441122.17 | L54: ='074-19-CAPA'!$D$32 -> 441122.17
A55: 10775 | B55: LOCACAO DE CONTAINER 2,30 X 6,00 M, ALT. 2,50 M, COM 1 SANITARIO, PARA ESCRITORIO, COMPLETO, SEM DIVISORIAS INTERNAS | C55: MES | D55: 3 | E55: 585,00 | F55: 20,94% | G55: 707.499 | H55: 2122.497 | I55: 0.0048115854 | J55: 0.7950744 | K55: =$H$259 -> 441122.17 | L55: ='074-19-CAPA'!$D$32 -> 441122.17
A56: 95241 | B56: LASTRO DE CONCRETO MAGRO, APLICADO EM PISOS, LAJES SOBRE SOLO OU RADIERS, ESPESSURA DE 5 CM. AF_07/2016 | C56: M2 | D56: 63.05 | E56: 25,98 | F56: 20,94% | G56: 31.420212 | H56: 1981.0444 | I56: 0.00449092 | J56: 0.79956532 | K56: =$H$259 -> 441122.17 | L56: ='074-19-CAPA'!$D$32 -> 441122.17
A57: CCU - 06.010 | B57: LUMINARIA LED TUBULAR, DE SOBREPOR, POTÊNCIA 2X20W COM GRADE DE PROTEÇÃO IP22, 2500 LUMENS - FORNECIMENTO E INSTALAÇÃO | C57: UN | D57: 8 | E57: 189.735 | F57: 20,94% | G57: 229.46551 | H57: 1835.7241 | I57: 0.0041614868 | J57: 0.80372681 | K57: =$H$259 -> 441122.17 | L57: ='074-19-CAPA'!$D$32 -> 441122.17
A58: 89714 | B58: TUBO PVC, SERIE NORMAL, ESGOTO PREDIAL, DN 100 MM, FORNECIDO E INSTALADO EM RAMAL DE DESCARGA OU RAMAL DE ESGOTO SANITÁRIO. AF_12/2014 | C58: M | D58: 26.02 | E58: 53,54 | F58: 20,94% | G58: 64.751276 | H58: 1684.8282 | I58: 0.003819414 | J58: 0.80754623 | K58: =$H$259 -> 441122.17 | L58: ='074-19-CAPA'!$D$32 -> 441122.17
A59: 10776 | B59: LOCACAO DE CONTAINER 2,30 X 6,00 M, ALT. 2,50 M, PARA ESCRITORIO, SEM DIVISORIAS INTERNAS E SEM SANITARIO | C59: MES | D59: 3 | E59: 457,03 | F59: 20,94% | G59: 552.73208 | H59: 1658.1962 | I59: 0.0037590408 | J59: 0.81130527 | K59: =$H$259 -> 441122.17 | L59: ='074-19-CAPA'!$D$32 -> 441122.17
A60: CCU - 02.006 | B60: RETIRADA DE FOSSA DE 3.000L | C60: UN | D60: 1 | E60: 1364.34 | F60: 20,94% | G60: 1650.0328 | H60: 1650.0328 | I60: 0.0037405347 | J60: 0.8150458 | K60: =$H$259 -> 441122.17 | L60: ='074-19-CAPA'!$D$32 -> 441122.17
A61: 87535 | B61: EMBOÇO, PARA RECEBIMENTO DE CERÂMICA, EM ARGAMASSA TRAÇO 1:2:8, PREPARO MECÂNICO COM BETONEIRA 400L, APLICADO MANUALMENTE EM FACES INTERNAS DE PAREDES, PARA AMBIENTE COM ÁREA MAIOR QUE 10M2, ESPESSURA DE 20MM, COM EXECUÇÃO DE TALISCAS. AF_06/2014 | C61: M2 | D61: 49.49 | E61: 26,85 | F61: 20,94% | G61: 32.47239 | H61: 1607.0586 | I61: 0.0036431145 | J61: 0.81868892 | K61: =$H$259 -> 441122.17 | L61: ='074-19-CAPA'!$D$32 -> 441122.17
A62: 98105 | B62: CAIXA DE GORDURA DUPLA (CAPACIDADE: 126 L), RETANGULAR, EM ALVENARIA COM TIJOLOS CERÂMICOS MACIÇOS, DIMENSÕES INTERNAS = 0,4X0,7 M, ALTURA INTERNA = 0,8 M. AF_12/2020 | C62: UN | D62: 2 | E62: 655,84 | F62: 20,94% | G62: 793.1729 | H62: 1586.3458 | I62: 0.0035961597 | J62: 0.82228508 | K62: =$H$259 -> 441122.17 | L62: ='074-19-CAPA'!$D$32 -> 441122.17
A63: 91929 | B63: CABO DE COBRE FLEXÍVEL ISOLADO, 4 MM², ANTI-CHAMA 0,6/1,0 KV, PARA CIRCUITOS TERMINAIS - FORNECIMENTO E INSTALAÇÃO. AF_12/2015 | C63: M | D63: 171.84 | E63: 7,60 | F63: 20,94% | G63: 9.19144 | H63: 1579.457 | I63: 0.0035805433 | J63: 0.82586562 | K63: =$H$259 -> 441122.17 | L63: ='074-19-CAPA'!$D$32 -> 441122.17
A64: 94223 | B64: CUMEEIRA PARA TELHA DE FIBROCIMENTO ONDULADA E = 6 MM, INCLUSO ACESSÓRIOS DE FIXAÇÃO E IÇAMENTO. AF_07/2019 | C64: M | D64: 23.52 | E64: 52,84 | F64: 20,94% | G64: 63.904696 | H64: 1503.0384 | I64: 0.0034073065 | J64: 0.82927293 | K64: =$H$259 -> 441122.17 | L64: ='074-19-CAPA'!$D$32 -> 441122.17
A65: 93358 | B65: ESCAVAÇÃO MANUAL DE VALA COM PROFUNDIDADE MENOR OU IGUAL A 1,30 M. AF_02/2021 | C65: M3 | D65: 17.84 | E65: 69,66 | F65: 20,94% | G65: 84.246804 | H65: 1502.963 | I65: 0.0034071354 | J65: 0.83268006 | K65: =$H$259 -> 441122.17 | L65: ='074-19-CAPA'!$D$32 -> 441122.17
A66: 95747 | B66: ELETRODUTO DE AÇO GALVANIZADO, CLASSE SEMI PESADO, DN 32 MM (1 1/4), APARENTE, INSTALADO EM TETO - FORNECIMENTO E INSTALAÇÃO. AF_11/2016_P | C66: M | D66: 32.69 | E66: 37,79 | F66: 20,94% | G66: 45.703226 | H66: 1494.0385 | I66: 0.003386904 | J66: 0.83606696 | K66: =$H$259 -> 441122.17 | L66: ='074-19-CAPA'!$D$32 -> 441122.17
A67: CCU - 04.006 | B67: GR 01 90X210CM- 01 FOLHA - DE ABRIR EM GRADIL METÁLICO ENRIJECIDO -FORNECIMENTO E INSTALAÇÃO | C67: UN | D67: 1 | E67: 1201.9489 | F67: 20,94% | G67: 1453.637 | H67: 1453.637 | I67: 0.0032953161 | J67: 0.83936228 | K67: =$H$259 -> 441122.17 | L67: ='074-19-CAPA'!$D$32 -> 441122.17
A68: CCU - 03.004 | B68: ESTRUTURA METALICA EM PERFIL "U" (CHAPA DOBRADA) 200x75x3x20 mm | C68: KG | D68: 64.62 | E68: 18.122285 | F68: 20,94% | G68: 21.917091 | H68: 1416.2824 | I68: 0.0032106353 | J68: 0.84257292 | K68: =$H$259 -> 441122.17 | L68: ='074-19-CAPA'!$D$32 -> 441122.17
A69: CCU - 03.002 | B69: CONCRETAGEM DE BLOCOS DE COROAMENTO E VIGAS BALDRAMES, FCK 25 MPA, COM USO DE BOMBA - LANÇAMENTO, ADENSAMENTO E ACABAMENTO | C69: M3 | D69: 2.87 | E69: 400.79196 | F69: 20,94% | G69: 484.7178 | H69: 1391.1401 | I69: 0.003153639 | J69: 0.84572656 | K69: =$H$259 -> 441122.17 | L69: ='074-19-CAPA'!$D$32 -> 441122.17
A70: CCU - 04.009 | B70: GR 02 80 x 210 CM- - 01 FOLHA - DE ABRIR EM GRADIL METÁLICO ENRIJECIDO -FORNECIMENTO E INSTALAÇÃO | C70: UN | D70: 1 | E70: 1141.5546 | F70: 20,94% | G70: 1380.5961 | H70: 1380.5961 | I70: 0.0031297363 | J70: 0.84885629 | K70: =$H$259 -> 441122.17 | L70: ='074-19-CAPA'!$D$32 -> 441122.17
A71: 95746 | B71: ELETRODUTO DE AÇO GALVANIZADO, CLASSE LEVE, DN 25 MM (1), APARENTE, INSTALADO EM TETO - FORNECIMENTO E INSTALAÇÃO. AF_11/2016_P | C71: M | D71: 49.23 | E71: 23,01 | F71: 20,94% | G71: 27.828294 | H71: 1369.9869 | I71: 0.0031056859 | J71: 0.85196198 | K71: =$H$259 -> 441122.17 | L71: ='074-19-CAPA'!$D$32 -> 441122.17
A72: 97902 | B72: CAIXA ENTERRADA HIDRÁULICA RETANGULAR EM ALVENARIA COM TIJOLOS CERÂMICOS MACIÇOS, DIMENSÕES INTERNAS: 0,6X0,6X0,6 M PARA REDE DE ESGOTO. AF_12/2020 | C72: UN | D72: 2 | E72: 560,68 | F72: 20,94% | G72: 678.08639 | H72: 1356.1728 | I72: 0.00307437 | J72: 0.85503635 | K72: =$H$259 -> 441122.17 | L72: ='074-19-CAPA'!$D$32 -> 441122.17
A73: 87497 | B73: ALVENARIA DE VEDAÇÃO DE BLOCOS CERÂMICOS FURADOS NA HORIZONTAL DE 11,5X19X19CM (ESPESSURA 11,5CM) DE PAREDES COM ÁREA LÍQUIDA MENOR QUE 6M² SEM VÃOS E ARGAMASSA DE ASSENTAMENTO COM PREPARO EM BETONEIRA. AF_06/2014 | C73: M2 | D73: 12.81 | E73: 87,29 | F73: 20,94% | G73: 105.56853 | H73: 1352.3328 | I73: 0.003065665 | J73: 0.85810201 | K73: =$H$259 -> 441122.17 | L73: ='074-19-CAPA'!$D$32 -> 441122.17
A74: 101529 | B74: ENTRADA DE ENERGIA ELÉTRICA, SUBTERRÂNEA, TRIFÁSICA, COM CAIXA DE SOBREPOR, CABO DE 10 MM2 E DISJUNTOR DIN 50A (NÃO INCLUSA MURETA DE ALVENARIA). AF_07/2020_P | C74: UN | D74: 1 | E74: 1.104,46 | F74: 20,94% | G74: 1335.7339 | H74: 1335.7339 | I74: 0.0030280362 | J74: 0.86113005 | K74: =$H$259 -> 441122.17 | L74: ='074-19-CAPA'!$D$32 -> 441122.17
A75: CCU - 04.013 | B75: CORRIMÃO EM TUBO DE ACO GALVANIZADO 1 1/2", FIXADO NO PISO, INCLUSO PINTURA ESMALTE DUAS DEMÃOS E FUNDO ANTICORROSIVO | C75: M | D75: 4.5 | E75: 245.2719 | F75: 20,94% | G75: 296.63183 | H75: 1334.8432 | I75: 0.0030260171 | J75: 0.86415607 | K75: =$H$259 -> 441122.17 | L75: ='074-19-CAPA'!$D$32 -> 441122.17
A76: CCU - 04.030 | B76: BANHEIRA INOX EMBUTIR BERÇÁRIO 75x40x20 - FAB. CONSTRUINOX OU EQUIVALENTE TÉCNICO-FORNECIMENTO E INSTALAÇÃO | C76: UN | D76: 1 | E76: 1010.58 | F76: 20,94% | G76: 1222.1955 | H76: 1222.1955 | I76: 0.0027706507 | J76: 0.86692672 | K76: =$H$259 -> 441122.17 | L76: ='074-19-CAPA'!$D$32 -> 441122.17
A77: CCU - 03.018 | B77: PINTURA DE ESTRUTURA METÁLICA BASE EPOXI (BIOCOMPONENTE) UMA DEMÃO DE 125 MICROMETROS, COM PINTURA DE ACABAMENTO DE - POLIURETANO ACRÍLICO ALIFÁTICO, BICOMPONENTE - 02 (DUAS) DEMÃOS COM 80 MICROMETROS (CADA) TOTALIZANDO 160 MICROMETROS. | C77: M2 | D77: 30.46 | E77: 33.060655 | F77: 20,94% | G77: 39.983556 | H77: 1217.8991 | I77: 0.0027609111 | J77: 0.86968763 | K77: =$H$259 -> 441122.17 | L77: ='074-19-CAPA'!$D$32 -> 441122.17
A78: 87513 | B78: ALVENARIA DE VEDAÇÃO DE BLOCOS CERÂMICOS FURADOS NA HORIZONTAL DE 11,5X19X19CM (ESPESSURA 11,5CM) DE PAREDES COM ÁREA LÍQUIDA MENOR QUE 6M² COM VÃOS E ARGAMASSA DE ASSENTAMENTO COM PREPARO EM BETONEIRA. AF_06/2014 | C78: M2 | D78: 9.57 | E78: 97,51 | F78: 20,94% | G78: 117.92859 | H78: 1128.5766 | I78: 0.0025584219 | J78: 0.87224605 | K78: =$H$259 -> 441122.17 | L78: ='074-19-CAPA'!$D$32 -> 441122.17
A79: 96545 | B79: ARMAÇÃO DE BLOCO, VIGA BALDRAME OU SAPATA UTILIZANDO AÇO CA-50 DE 8 MM - MONTAGEM. AF_06/2017 | C79: KG | D79: 58 | E79: 16,02 | F79: 20,94% | G79: 19.374588 | H79: 1123.7261 | I79: 0.002547426 | J79: 0.87479348 | K79: =$H$259 -> 441122.17 | L79: ='074-19-CAPA'!$D$32 -> 441122.17
A80: 96540 | B80: FABRICAÇÃO, MONTAGEM E DESMONTAGEM DE FÔRMA PARA BLOCO DE COROAMENTO, EM CHAPA DE MADEIRA COMPENSADA RESINADA, E=17 MM, 4 UTILIZAÇÕES. AF_06/2017 | C80: M2 | D80: 8.16 | E80: 113,82 | F80: 20,94% | G80: 137.65391 | H80: 1123.2559 | I80: 0.0025463601 | J80: 0.87733984 | K80: =$H$259 -> 441122.17 | L80: ='074-19-CAPA'!$D$32 -> 441122.17
A81: CCU - 04.021 | B81: BEBEDOURO DE PRESSAO IBBL CONJUGADO - EM AÇO INOX PARA DOIS BICOS OU EQUIVALENTE TECNICO | C81: UN | D81: 1 | E81: 927.5628 | F81: 20,94% | G81: 1121.7945 | H81: 1121.7945 | I81: 0.0025430471 | J81: 0.87988288 | K81: =$H$259 -> 441122.17 | L81: ='074-19-CAPA'!$D$32 -> 441122.17
A82: 98557 | B82: IMPERMEABILIZAÇÃO DE SUPERFÍCIE COM EMULSÃO ASFÁLTICA, 2 DEMÃOS AF_06/2018 | C82: M2 | D82: 24.95 | E82: 36,62 | F82: 20,94% | G82: 44.288228 | H82: 1104.9913 | I82: 0.0025049552 | J82: 0.88238784 | K82: =$H$259 -> 441122.17 | L82: ='074-19-CAPA'!$D$32 -> 441122.17
A83: 94227 | B83: CALHA EM CHAPA DE AÇO GALVANIZADO NÚMERO 24, DESENVOLVIMENTO DE 33 CM, INCLUSO TRANSPORTE VERTICAL. AF_07/2019 | C83: M | D83: 13.95 | E83: 65,10 | F83: 20,94% | G83: 78.73194 | H83: 1098.3106 | I83: 0.0024898104 | J83: 0.88487765 | K83: =$H$259 -> 441122.17 | L83: ='074-19-CAPA'!$D$32 -> 441122.17
A84: CCU - 09.001 | B84: ALUGUEL DE CAÇAMBA PARA LIMPEZA | C84: UN | D84: 3 | E84: 300 | F84: 20,94% | G84: 362.82 | H84: 1088.46 | I84: 0.0024674797 | J84: 0.88734513 | K84: =$H$259 -> 441122.17 | L84: ='074-19-CAPA'!$D$32 -> 441122.17
A85: 89403 | B85: TUBO, PVC, SOLDÁVEL, DN 32MM, INSTALADO EM RAMAL DE DISTRIBUIÇÃO DE ÁGUA - FORNECIMENTO E INSTALAÇÃO. AF_12/2014 | C85: M | D85: 58.13 | E85: 15,30 | F85: 20,94% | G85: 18.50382 | H85: 1075.6271 | I85: 0.0024383881 | J85: 0.88978352 | K85: =$H$259 -> 441122.17 | L85: ='074-19-CAPA'!$D$32 -> 441122.17
A86: 92415 | B86: MONTAGEM E DESMONTAGEM DE FÔRMA DE PILARES RETANGULARES E ESTRUTURAS SIMILARES, PÉ-DIREITO SIMPLES, EM CHAPA DE MADEIRA COMPENSADA RESINADA, 2 UTILIZAÇÕES. AF_09/2020 | C86: M2 | D86: 7.92 | E86: 111,10 | F86: 20,94% | G86: 134.36434 | H86: 1064.1656 | I86: 0.0024124055 | J86: 0.89219592 | K86: =$H$259 -> 441122.17 | L86: ='074-19-CAPA'!$D$32 -> 441122.17
A87: 91341 | B87: PORTA EM ALUMÍNIO DE ABRIR TIPO VENEZIANA COM GUARNIÇÃO, FIXAÇÃO COM PARAFUSOS - FORNECIMENTO E INSTALAÇÃO. AF_12/2019 | C87: M2 | D87: 1.827 | E87: 472,99 | F87: 20,94% | G87: 572.03411 | H87: 1045.1063 | I87: 0.0023691992 | J87: 0.89456512 | K87: =$H$259 -> 441122.17 | L87: ='074-19-CAPA'!$D$32 -> 441122.17
A88: 95745 | B88: ELETRODUTO DE AÇO GALVANIZADO, CLASSE LEVE, DN 20 MM (3/4), APARENTE, INSTALADO EM TETO - FORNECIMENTO E INSTALAÇÃO. AF_11/2016_P | C88: M | D88: 44.63 | E88: 18,54 | F88: 20,94% | G88: 22.422276 | H88: 1000.7062 | I88: 0.0022685465 | J88: 0.89683367 | K88: =$H$259 -> 441122.17 | L88: ='074-19-CAPA'!$D$32 -> 441122.17
A89: 89356 | B89: TUBO, PVC, SOLDÁVEL, DN 25MM, INSTALADO EM RAMAL OU SUB-RAMAL DE ÁGUA - FORNECIMENTO E INSTALAÇÃO. AF_12/2014 | C89: M | D89: 40.48 | E89: 19,89 | F89: 20,94% | G89: 24.054966 | H89: 973.74502 | I89: 0.0022074271 | J89: 0.89904109 | K89: =$H$259 -> 441122.17 | L89: ='074-19-CAPA'!$D$32 -> 441122.17
A90: 86920 | B90: TANQUE DE LOUÇA BRANCA COM COLUNA, 30L OU EQUIVALENTE, INCLUSO SIFÃO FLEXÍVEL EM PVC, VÁLVULA PLÁSTICA E TORNEIRA DE METAL CROMADO PADRÃO POPULAR - FORNECIMENTO E INSTALAÇÃO. AF_01/2020 | C90: UN | D90: 1 | E90: 775,21 | F90: 20,94% | G90: 937.53897 | H90: 937.53897 | I90: 0.0021253499 | J90: 0.90116644 | K90: =$H$259 -> 441122.17 | L90: ='074-19-CAPA'!$D$32 -> 441122.17
A91: 87879 | B91: CHAPISCO APLICADO EM ALVENARIAS E ESTRUTURAS DE CONCRETO INTERNAS, COM COLHER DE PEDREIRO. ARGAMASSA TRAÇO 1:3 COM PREPARO EM BETONEIRA 400L. AF_06/2014 | C91: M2 | D91: 220.85 | E91: 3,51 | F91: 20,94% | G91: 4.244994 | H91: 937.50692 | I91: 0.0021252773 | J91: 0.90329172 | K91: =$H$259 -> 441122.17 | L91: ='074-19-CAPA'!$D$32 -> 441122.17
A92: 96544 | B92: ARMAÇÃO DE BLOCO, VIGA BALDRAME OU SAPATA UTILIZANDO AÇO CA-50 DE 6,3 MM - MONTAGEM. AF_06/2017 | C92: KG | D92: 45 | E92: 17,21 | F92: 20,94% | G92: 20.813774 | H92: 936.61983 | I92: 0.0021232663 | J92: 0.90541499 | K92: =$H$259 -> 441122.17 | L92: ='074-19-CAPA'!$D$32 -> 441122.17
A93: CCU - 04.037 | B93: PLACA INAUGURAL METÁLICA COM DIMENSÕES DE 60 X 70 CM, EM AÇO ESCOVADO COM MOLDURA EM ALUMÍNIO E DIZERES IMPRESSOS EM “UV” | C93: UN | D93: 1 | E93: 766.38 | F93: 20,94% | G93: 926.85997 | H93: 926.85997 | I93: 0.0021011412 | J93: 0.90751613 | K93: =$H$259 -> 441122.17 | L93: ='074-19-CAPA'!$D$32 -> 441122.17
A94: 89712 | B94: TUBO PVC, SERIE NORMAL, ESGOTO PREDIAL, DN 50 MM, FORNECIDO E INSTALADO EM RAMAL DE DESCARGA OU RAMAL DE ESGOTO SANITÁRIO. AF_12/2014 | C94: M | D94: 27.68 | E94: 27,38 | F94: 20,94% | G94: 33.113372 | H94: 916.57814 | I94: 0.0020778328 | J94: 0.90959396 | K94: =$H$259 -> 441122.17 | L94: ='074-19-CAPA'!$D$32 -> 441122.17
A95: 96523 | B95: ESCAVAÇÃO MANUAL PARA BLOCO DE COROAMENTO OU SAPATA, COM PREVISÃO DE FÔRMA. AF_06/2017 | C95: M3 | D95: 9.12 | E95: 82,17 | F95: 20,94% | G95: 99.376398 | H95: 906.31275 | I95: 0.0020545618 | J95: 0.91164852 | K95: =$H$259 -> 441122.17 | L95: ='074-19-CAPA'!$D$32 -> 441122.17
A96: 93391 | B96: REVESTIMENTO CERÂMICO PARA PISO COM PLACAS TIPO ESMALTADA PADRÃO POPULAR DE DIMENSÕES 35X35 CM APLICADA EM AMBIENTES DE ÁREA MAIOR QUE 10 M2. AF_06/2014 | C96: M2 | D96: 24.47 | E96: 30,40 | F96: 20,94% | G96: 36.76576 | H96: 899.65815 | I96: 0.0020394761 | J96: 0.913688 | K96: =$H$259 -> 441122.17 | L96: ='074-19-CAPA'!$D$32 -> 441122.17
A97: 96542 | B97: FABRICAÇÃO, MONTAGEM E DESMONTAGEM DE FÔRMA PARA VIGA BALDRAME, EM CHAPA DE MADEIRA COMPENSADA RESINADA, E=17 MM, 4 UTILIZAÇÕES. AF_06/2017 | C97: M2 | D97: 9.17 | E97: 79,72 | F97: 20,94% | G97: 96.413368 | H97: 884.11058 | I97: 0.0020042307 | J97: 0.91569223 | K97: =$H$259 -> 441122.17 | L97: ='074-19-CAPA'!$D$32 -> 441122.17
A98: 91312 | B98: KIT DE PORTA DE MADEIRA PARA PINTURA, SEMI-OCA (LEVE OU MÉDIA), PADRÃO POPULAR, 60X210CM, ESPESSURA DE 3,5CM, ITENS INCLUSOS: DOBRADIÇAS, MONTAGEM E INSTALAÇÃO DO BATENTE, FECHADURA COM EXECUÇÃO DO FURO - FORNECIMENTO E INSTALAÇÃO. AF_12/2019 | C98: UN | D98: 1 | E98: 730,81 | F98: 20,94% | G98: 883.84161 | H98: 883.84161 | I98: 0.0020036209 | J98: 0.91769585 | K98: =$H$259 -> 441122.17 | L98: ='074-19-CAPA'!$D$32 -> 441122.17
A99: 97063 | B99: MONTAGEM E DESMONTAGEM DE ANDAIME MODULAR FACHADEIRO, COM PISO METÁLICO, PARA EDIFICAÇÕES COM MÚLTIPLOS PAVIMENTOS (EXCLUSIVE ANDAIME E LIMPEZA). AF_11/2017 | C99: M2 | D99: 88.48 | E99: 8,20 | F99: 20,94% | G99: 9.91708 | H99: 877.46324 | I99: 0.0019891615 | J99: 0.91968501 | K99: =$H$259 -> 441122.17 | L99: ='074-19-CAPA'!$D$32 -> 441122.17
A100: 95782 | B100: CONDULETE DE ALUMÍNIO, TIPO E, ELETRODUTO DE AÇO GALVANIZADO DN 25 MM (1''), APARENTE - FORNECIMENTO E INSTALAÇÃO. AF_11/2016_P | C100: UN | D100: 28 | E100: 25,77 | F100: 20,94% | G100: 31.166238 | H100: 872.65466 | I100: 0.0019782607 | J100: 0.92166327 | K100: =$H$259 -> 441122.17 | L100: ='074-19-CAPA'!$D$32 -> 441122.17
A101: 87505 | B101: ALVENARIA DE VEDAÇÃO DE BLOCOS CERÂMICOS FURADOS NA HORIZONTAL DE 11,5X19X19CM (ESPESSURA 11,5M) DE PAREDES COM ÁREA LÍQUIDA MAIOR OU IGUAL A 6M² SEM VÃOS E ARGAMASSA DE ASSENTAMENTO COM PREPARO EM BETONEIRA. AF_06/2014 | C101: M2 | D101: 9.6 | E101: 74,69 | F101: 20,94% | G101: 90.330086 | H101: 867.16883 | I101: 0.0019658246 | J101: 0.9236291 | K101: =$H$259 -> 441122.17 | L101: ='074-19-CAPA'!$D$32 -> 441122.17
A102: CCU - 06.009 | B102: LUMINARIA LED CIRCULAR DE EMBUTIR, POT.30W, COR BRANCA, 2400 LUMENS - FORNECIMENTO E INSTALAÇÃO | C102: UN | D102: 7 | E102: 100.845 | F102: 20,94% | G102: 121.96194 | H102: 853.7336 | I102: 0.0019353677 | J102: 0.92556447 | K102: =$H$259 -> 441122.17 | L102: ='074-19-CAPA'!$D$32 -> 441122.17
...

Sheet Encargos

Sheet BDI-Edificações
B2: BENEFÍCIOS E DESPESAS INDIRETAS
B3: Edificações
B4: SEM Desoneração da Folha de Pagamento
H5: Médio
B6: Grupo | C6: Componentes | H6: Incidências
B7: Despesas Indiretas
B8: A | C8: Administração Central | H8: =INDEX('[13]Quadro Comparativo'!C7:E7,MATCH($H$5,'[13]Quadro Comparativo'!C6:E6,0)) -> 0.04
C9: Seguros + Garantias | H9: =INDEX('[13]Quadro Comparativo'!F$7:H$7,MATCH($H$5,'[13]Quadro Comparativo'!F$6:H$6,0)) -> 0.008
C10: Riscos | H10: =INDEX('[13]Quadro Comparativo'!I$7:K$7,MATCH($H$5,'[13]Quadro Comparativo'!I$6:K$6,0)) -> 0.0127
C11: Despesas Financeiras | H11: =INDEX('[13]Quadro Comparativo'!L$7:N$7,MATCH($H$5,'[13]Quadro Comparativo'!L$6:N$6,0)) -> 0.0123
B12: Subtotal A | H12: =SUM(H8:H11) -> 0.073
B13: Tributos
B14: B | C14: COFINS - Contribuição Para o Financiamento Seguridade Social | H14: 0.03
C15: PIS - Programa de Integração Social | H15: 0.0065
C16: ISS - Imposto Sobre Serviços de Qualquer Natureza | H16: =INDEX('[13]Quadro Geral'!$B$5:$G$11,MATCH($B$3,'[13]Quadro Geral'!$A$5:$A$11,0),MATCH(C16,'[13]Quadro Geral'!$B$4:$G$4,0)) -> 0.01
C17: CPRB - Contribuição Previdenciária Sobre Receita Bruta | H17: =IF(B4="COM Desoneração da Folha de Pagamento",0.045,0) -> 0
B18: Subtotal B | H18: =SUM(H14:H17) -> 0.0465
B19: Bonificação
B20: C | C20: Lucro | H20: =INDEX('[13]Quadro Comparativo'!O$7:Q$7,MATCH($H$5,'[13]Quadro Comparativo'!O$6:Q$6,0)) -> 0.074
B21: Subtotal C | H21: =SUM(H20:H20) -> 0.074
B22: BDI | H22: =((((((1+(H8+H9+H10))*((1+H11)*(1+H21)))/(1-H18))-1)*100))/100 -> 0.20944296
B24: FÓRMULA PARA CÁLCULO DO BDI
B25: BDI = | C25: [( | D25: (1 + (AC + S + R + G)) x ((1 + DF) X (1 + L)) | E25: ) | F25: -1 | G25: ] | H25: X 100
D26: (1 - I)
B28: AC | C28: Taxa representativa das despesas de rateio da Administração Central
B29: S | C29: Taxa Representativa de Seguros
B30: R | C30: Taxa Representativa de Riscos
B31: G | C31: Taxa Representativa de Garantias
B32: DF | C32: Taxa Representativa de Despesas Financeiras
B33: L | C33: Taxa Representativa de Lucro
B34: I | C34: Taxa Representativa de Incidência de Impostos
C35: Taxa Representativa da Incidência de Impostos é aplicada sobre o preço de venda da prestação do serviço, enquanto que as demais taxas são aplicadas sobre o custo
B37: Referência:
B38: Relatório do Acordão n° 2.622/2013 - TCU/Plenário
B43: Edificações
B44: Vias Urbanas e Rodovias (incluindo obras de arte especiais)
B45: ='[13]Quadro Comparativo'!A9 -> Drenagem Pluvial, Redes de Abastecimento de Água, Coleta de Esgoto e Construções Correlatas
B46: ='[13]Quadro Comparativo'!A10 -> Drenagem Pluvial com Pavimentação
B47: ='[13]Quadro Comparativo'!A11 -> Paisagismo, Parques e Jardins
B48: ='[13]Quadro Comparativo'!A12 -> Obras de Menor Complexidade (Praças, Calçadas, Ciclovias, Meios Fios, Quiosques e Obras Correlatas)
B49: ='[13]Quadro Comparativo'!A13 -> Fornecimento de Materiais Betuminosos e Outros Materiais e Equipamentos de Grande Relevância de Natureza Específica
B51: COM Desoneração da Folha de Pagamento
B52: SEM Desoneração da Folha de Pagamento
B54: 1º Quartil
B55: Médio
B56: 3º Quartil

Sheet Reajustamento INCC
A1: Cálculo do reajustamento para adequação de preços
B3: ICC COLUNA-18=160981 TOTAL BRASÍLIA
B4: MÃO-DE-OBRA | C4: MAT EQUIP SERV | F4: TOTAL | H4: TOTAL EDIFICAÇÃO
B5: COL-20 161007 | C5: COL-19 160991 | D5: var.%acumul.material | E5: var.%acumul.total | F5: COL-18 160981 | G5: var.%acumul.total | H5: COL-35 159428
A6: JAN - 09 | B6: 402.986 | C6: 366.983 | F6: 384.876 | H6: 409.166 | J6: 161007
A7: FEV - 09 | B7: 402.986 | C7: 367.477 | D7: =C7/C6 -> 1.0013461 | E7: =F7/F6 -> 1.0008055 | F7: 385.186 | G7: =H7/H6 -> 1.0026786 | H7: 410.262
A8: MAR - 09 | B8: 402.986 | C8: 367.13 | D8: =C8/C7 -> 0.99905572 | E8: =F8/F7 -> 0.99947298 | F8: 384.983 | G8: =H8/H7 -> 0.99745041 | H8: 409.216
A9: ABR - 09 | B9: 402.986 | C9: 363.515 | D9: =C9/C8 -> 0.99015335 | E9: =F9/F8 -> 0.99451404 | F9: 382.871 | G9: =H9/H8 -> 0.9995748 | H9: 409.042
A10: MAI - 09 | B10: 402.986 | C10: 362.515 | D10: =C10/C9 -> 0.99724908 | E10: =F10/F9 -> 0.99847468 | F10: 382.287 | G10: =H10/H9 -> 1.013935 | H10: 414.742
A11: JUN - 09 | B11: 431.438 | C11: 362.11 | D11: =C11/C10 -> 0.9988828 | E11: =F11/F10 -> 1.0308773 | F11: 394.091 | G11: =H11/H10 -> 1.0070285 | H11: 417.657
A12: JUL - 09 | B12: 431.516 | C12: 362.573 | D12: =C12/C11 -> 1.0012786 | E12: =F12/F11 -> 1.0022507 | F12: 394.978 | G12: =H12/H11 -> 1.0026337 | H12: 418.757
A13: AGO - 09 | B13: 431.516 | C13: 362.809 | D13: =C13/C12 -> 1.0006509 | E13: =F13/F12 -> 0.99887082 | F13: 394.532 | G13: =H13/H12 -> 0.99945314 | H13: 418.528
A14: SET - 09 | B14: 431.516 | C14: 363.88 | D14: =C14/C13 -> 1.002952 | E14: =F14/F13 -> 1.0015867 | F14: 395.158 | G14: =H14/H13 -> 1.001479 | H14: 419.147
A15: OUT - 09 | B15: 431.516 | C15: 364.09 | D15: =C15/C14 -> 1.0005771 | E15: =F15/F14 -> 1.0003113 | F15: 395.281 | G15: =H15/H14 -> 1.0006155 | H15: 419.405
A16: NOV - 09 | B16: 431.516 | C16: 365.571 | D16: =C16/C15 -> 1.0040677 | E16: =F16/F15 -> 1.0021883 | F16: 396.146 | G16: =H16/H15 -> 1.0029327 | H16: 420.635
A17: DEZ - 09 | B17: 431.516 | C17: 366.932 | D17: =C17/C16 -> 1.0037229 | E17: =F17/F16 -> 1.0020068 | F17: 396.941 | G17: =H17/H16 -> 1.000989 | H17: 421.051
A18: JAN - 10 | B18: 431.539 | C18: 367.068 | D18: =C18/C17 -> 1.0003706 | E18: =F18/F17 -> 1.0002242 | F18: 397.03 | G18: =H18/H17 -> 1.0063864 | H18: 423.74
... A64: NOV-13 | B64: 656.913 | C64: 433.89 | D64: =C64/C63 -> 1.0008119 | E64: =F64/F63 -> 1.0003859 | F64: 531.435 | G64: =H64/H63 -> 1.003486 | H64: 564.201
A65: DEZ-13 | B65: 656.913 | C65: 434.113 | D65: =C65/C64 -> 1.000514 | E65: =F65/F64 -> 1.0002446 | F65: =531.565 -> 531.565 | G65: =H65/H64 -> 1.0009996 | H65: 564.765
A66: JAN-14 | B66: 657.102 | C66: 436.473 | D66: =C66/C65 -> 1.0054364 | E66: =F66/F65 -> 1.0027447 | F66: 533.024 | G66: =H66/H65 -> 1.0087736 | H66: 569.72
A67: FEV-14 | B67: 657.102 | C67: 437.458 | D67: =C67/C66 -> 1.0022567 | E67: =F67/F66 -> 1.0010788 | F67: 533.599 | G67: =H67/H66 -> 1.0032595 | H67: 571.577
A68: MAR-14 | B68: 657.102 | C68: 441.609 | D68: =C68/C67 -> 1.0094889 | E68: =F68/F67 -> 1.0045446 | F68: 536.024 | G68: =H68/H67 -> 1.0027625 | H68: 573.156
A69: ABR-14 | B69: 657.102 | C69: 444.458 | D69: =C69/C68 -> 1.0064514 | E69: =F69/F68 -> 1.0031043 | F69: 537.688 | G69: =H69/H68 -> 1.0088423 | H69: 578.224
A70: MAI-14 | B70: 657.102 | C70: 447.08 | D70: =C70/C69 -> 1.0058993 | E70: =F70/F69 -> 1.0028492 | F70: 539.22 | G70: =H70/H69 -> 1.020537 | H70: 590.099
A71: JUN-14 | B71: 674.857 | C71: 448.444 | D71: =C71/C70 -> 1.0030509 | E71: =F71/F70 -> 1.0154093 | F71: 547.529 | G71: =H71/H70 -> 1.0066328 | H71: 594.013
A72: JUL-14 | B72: 702.87 | C72: 451.66 | D72: =C72/C71 -> 1.0071715 | E72: =F72/F71 -> 1.02508 | F72: 561.261 | G72: =H72/H71 -> 1.0074544 | H72: 598.441
A73: AGO-14 | B73: 702.87 | C73: 452.655 | D73: =C73/C72 -> 1.002203 | E73: =F73/F72 -> 1.0010352 | F73: 561.842 | G73: =H73/H72 -> 1.0007637 | H73: 598.898
A74: SET-14 | B74: 702.87 | C74: 452.868 | D74: =C74/C73 -> 1.0004706 | E74: =F74/F73 -> 1.0002207 | F74: 561.966 | G74: =H74/H73 -> 1.0015445 | H74: 599.823
A75: OUT-14 | B75: 702.87 | C75: 454.752 | D75: =C75/C74 -> 1.0041602 | E75: =F75/F74 -> 1.0019592 | F75: 563.067 | G75: =H75/H74 -> 1.0017372 | H75: 600.865
A76: NOV-14 | B76: 702.87 | C76: 456.261 | D76: =C76/C75 -> 1.0033183 | E76: =F76/F75 -> 1.0015664 | F76: 563.949 | G76: =H76/H75 -> 1.0044253 | H76: 603.524
A77: DEZ-14 | B77: 702.87 | C77: 456.137 | D77: =C77/C76 -> 0.99972823 | E77: =F77/F76 -> 0.99987233 | F77: 563.877 | G77: =H77/H76 -> 1.0008318 | H77: 604.026
... A148: NOV-20 | B148: 949.006 | C148: 624.591 | D148: =C148/C147 -> 1.0174762 | E148: =F148/F147 -> 1.0082456 | F148: 766.432 | G148: =H148/H147 -> 1.0127947 | H148: 839.382
A150: MÃO DE OBRA | C150: MATERIAL | E150: SERVIÇO | G150: EDIFICAÇÃO
A151: multiplicador | B151: Variação acumulada | C151: multiplicador | D151: Variação acumulada | E151: multiplicador | F151: Variação acumulada | G151: multiplicador | H151: Variação acumulada
C152: =PRODUCT(D148) -> 1.0174762 | E152: =PRODUCT(E127:E148) -> 1.1080379 | G152: =PRODUCT(G115:G148) -> 1.1650074
A154: i 0 / i 1 | B154: Número do índice | C154: i 0 / i 1 | D154: Número do índice | E154: i 0 / i 1 | F154: Número do índice | G154: i 0 / i 1 | H154: Número do índice
A155: =B148/B114 -> 1.0990048 | B155: JAN18 A NOV20 | C155: =C148/C147 -> 1.0174762 | D155: OUT20 A NOV20 | E155: =F148/F126 -> 1.1080379 | F155: JAN19 A NOV20 | G155: =H148/H114 -> 1.1650074 | H155: JAN18 A NOV20
A156: COL. 20 161007 | C156: COL. 19 160991 | E156: COL. 18 160981 | G156: COL. 35 159428
B158: unidade | C158: Descrição do ítem | F158: valor atual | G158: valor reajustado
B159: 1 | G159: =F159*E155 -> 0
B160: 2
B161: 3
B162: 4
